 Dungeon Crawl Stone Soup version 0.31-a0-819-gf6de2f5ab6 (webtiles) character file.

Game seed: 13079129293499250668

317762 qw the Crack Shot (level 21, -8/162 HPs)
             Began as a Gargoyle Hunter on Sept 23, 2023.
             Was an Elder of Okawaru.
             Mangled by a deep troll (14 damage)
             ... on level 2 of the Depths.
             The game lasted 00:29:26 (41448 turns).

qw the Crack Shot (Gargoyle Hunter)                Turns: 41448, Time: 00:29:27

Health: -8/162     AC: 35    Str: 18    XL:     21   Next: 43%
Magic:  21/25      EV: 39    Int: 10    God:    Okawaru [****..]
Gold:   853        SH:  0    Dex: 36    Spells: 20/20 levels left

rFire   + + .        m - +3 hand cannon (drain)
rCold   + . .        (no shield)
rNeg    + . .        x - +1 ring mail "Ryneiro" {+Inv rF++ rC+}
rPois   inf          e - +2 helmet
rElec   +            o - +0 cloak {Will+}
rCorr   .            q - +2 pair of gloves {Dex+3}
SInv    .            (no boots)
Will    +++..        t - amulet of faith
Stlth   ++++         k - +6 ring of dexterity
HPRegen 0.47/turn    v - +6 ring of dexterity
MPRegen 0.19/turn

%: faith
@: heroic, flying
A: sickness immunity, AC +16, big wings, negative energy resistance 1,
electricity resistance, torment resistance 1, petrification resistance, low MP
1, strong-willed 1, robust 1
}: 2/15 runes: barnacled, gossamer
a: Renounce Religion, Evoke Invisibility, Heroism, Finesse


You were on level 2 of the Depths.
You worshipped Okawaru.
Okawaru was greatly pleased with you.
You visited 8 branches of the dungeon, and saw 37 of its levels.
You also visited: Ossuary and Gauntlet.

You collected 4162 gold pieces.
You spent 3309 gold pieces at shops.


Innate Abilities, Weirdness & Mutations

You are immune to sickness and miasma.
Your stone body is resilient. (AC +16)
You are immune to poison.
Your large and strong wings let you fly.
You resist negative energy. (rN+)
You are resistant to electric shocks. (rElec)
You are resistant to unholy torment.
You are immune to petrification.
Your magical capacity is low. (-10% MP)
You are strong-willed. (Will+)
You are robust. (+10% HP)


   Skills:
 - Level 21.3(26.3) Fighting
 - Level 22.0(27) Ranged Weapons
 + Level 12.2(17.2) Armour
 - Level 17.5(22.5) Dodging
 - Level 1.1(6.1) Stealth
 - Level 10.0 Invocations


You had 20 spell levels left.
You didn't know any spells.
Your spell library was empty.

Inventory:

Hand Weapons
 m - a +3 hand cannon of draining (weapon)
Armour
 c - a +2 leather armour of fire resistance
 e - a +2 helmet (worn)
 f - a +1 cloak
 j - a +2 leather armour of cold resistance
 o - a +0 cloak of willpower (worn)
 q - a +2 pair of gloves of dexterity (worn)
 s - a +0 troll leather armour
 x - the +1 ring mail "Ryneiro" (worn) {+Inv rF++ rC+}
   (You found it on level 4 of the Spider Nest)

   rF++:      It greatly protects you from fire.
   rC+:       It protects you from cold.
   +Inv:      It lets you turn invisible.
Jewellery
 k - a +6 ring of dexterity (left hand)
 t - an amulet of faith (around neck)
 u - an amulet of reflection
 v - a +6 ring of dexterity (right hand)
Wands
 p - a wand of digging (6)
Scrolls
 g - 8 scrolls of identify
Potions
 a - 6 potions of mutation
 d - 6 potions of enlightenment
 h - 7 potions of might
 l - 6 potions of haste
 n - 11 potions of curing
 z - a potion of magic

Dungeon Overview and Level Annotations

Branches:
Dungeon (15/15)            Temple (1/1) D:5            Lair (5/5) D:10
 Shoals (4/4) Lair:2       Spider (4/4) Lair:2        Slime (0/5) Lair:5
    Orc (2/2) D:12            Elf (0/3) Orc:2        Vaults (4/5) D:14
  Crypt (0/3) Vaults:3     Depths (2/4) D:15        Ossuary (visited)
Gauntlet (visited)

Altars:
Ashenzari
Cheibriados
Dithmenos
Elyvilon
Fedhas
Gozag
Hepliaklqana
Kikubaaqudgha
Makhleb
Nemelex Xobeh
Okawaru
Qazlal
Ru
Sif Muna
Trog
Uskayaw
Vehumet
Wu Jian
Xom
Yredelemnul
Zin
The Shining One
Jiyva

Shops:
D:12 [(   Orc:2 [(==*   Shoals:1 *   Shoals:4 *   Vaults:1 [(   Depths:1 :=:

Portals:
Hell: Depths:1
Abyss: Depths:1
Ziggurat: Depths:1

Annotations:
Shoals:2 2 transporters
Spider:1 3 runed translucent doors, qw's ghost, adept GrHu
Vaults:2 Sojobo


Message History

You hear a shout!
You hear a horrible gurgling sound!
The deep troll shaman completely misses you. x2
The deep troll shaman closely misses you.
You shoot a bolt. The bolt hits the deep troll shaman!!!
You kill the deep troll shaman!
Okawaru accepts your kill.
The troll leather armour is intact enough to wear.
The deep troll shaman calls upon its god to strengthen the deep troll.
The deep troll seems to grow stronger.
You shoot a bolt.
The bolt hits the deep troll earth mage!!!
You drain the deep troll earth mage!
You kill the deep troll earth mage!
Okawaru accepts your kill.
The troll leather armour is intact enough to wear.
The glowing orange brain pulsates.
You resist with almost no effort.
The deep troll shaman calls upon its god to strengthen the iron troll.
The iron troll seems to grow stronger.
You shoot a bolt. The bolt hits the iron troll!
The iron troll is lightly wounded.
You shoot a bolt. The bolt hits the iron troll!!
You drain the iron troll.
The iron troll is heavily wounded.
The iron troll misses you. The iron troll claws you.
The iron troll completely misses you.
You shoot a bolt. The bolt hits the iron troll!!!
You drain the iron troll!
You kill the iron troll!
Okawaru accepts your kill.
The deep troll shaman calls upon its god to speed up the deep troll.
The deep troll seems to speed up.
You shoot a bolt. The bolt hits the iron troll!!
You drain the iron troll.
The iron troll is moderately wounded.
The iron troll completely misses you. x2; The iron troll misses you.
You shoot a bolt.
The bolt hits the iron troll but does no damage.
You drain the iron troll.
The iron troll is moderately wounded.
The deep troll closely misses you.
The deep troll completely misses you. x2
The deep troll bites you!
You die...

...... ..... ##...
###bC#..# ###.C#C#..# #
###uu###W#[.# .#
#..###;#.#G(#..#
##..###[...s#TTT..#
#u.u.uC###)#.#@#...#
##C...##R..###.#0.......
..#... ......#.#........
W.#u. #........#..#.....
#..# ...##....#........
#Cu# #... ....#.##.#..[
b# #.. . ... 7# #.. . ..
.


You could see an iron troll (strong, drained), a glowing orange brain, a deep
troll (fast, strong) and a deep troll shaman.

Vanquished Creatures
  An ancient lich (Vaults:1)
  Margery (Vaults:2)
  Frederick (Vaults:2)
  Saint Roka (Orc:2)
  Arachne (Spider:2)
  Jorgrun (D:13)
  Mlioglotl (Spider:3)
  A titan (Vaults:2)
  Polyphemus (Shoals:3)
  Frances (D:14)
  Kirke (Shoals:1)
  Donald (Shoals:1)
  3 tengu reavers
  2 fire giants
  Roxanne (Spider:4)
  6 emperor scorpions (Spider:4)
  A ghoul (Vaults:3)
  5 vault wardens
  3 frost giants
  2 ghost moths
  Louise (Depths:1)
  18 ironbound preservers
  An orc warlord (Vaults:4)
  2 war gargoyles
  3 formless jellyfish
  2 vampire knights (Vaults:3)
  6 stone giants
  6 ironbound thunderhulks
  6 spark wasps
  A minotaur (Gauntlet)
  9 dire elephants
  3 ettins
  4 merfolk javelineers
  4 crystal guardians
  10 yaktaur captains
  A fire dragon (shapeshifter) (Vaults:4)
  4 entropy weavers
  12 merfolk impalers
  5 great orbs of eyes
  Harold (Orc:1)
  A spriggan zombie (D:15)
  3 vault guards (Vaults:4)
  3 peacekeepers
  2 hydras (Lair:5)
  Erica (D:11)
  3 merfolk avatars
  An ogre mage (Vaults:2)
  3 alligator snapping turtles
  Erolcha (D:12)
  3 jorogumos
  6 catoblepae
  A rakshasa (Depths:1)
  6 boulder beetles
  4 merfolk aquamancers
  6 two-headed ogres
  2 radroaches
  13 centaur warriors
  5 ironbound frosthearts
  A satyr (Shoals:4)
  A tengu warrior (D:15)
  3 deep troll earth magi
  3 deep troll shamans
  5 demonic crawlers
  2 spriggan berserkers
  A vampire mage (Vaults:3)
  7 death yaks
  Sonja (Orc:1)
  5 sun demons
  Nergalle (Orc:1)
  3 sun moths
  2 skeletal warriors (D:15)
  6 skysharks
  3 iron trolls
  3 hell knights
  5 pharaoh ants
  A phantasmal warrior (D:15)
  17 sea snakes
  36 deep trolls
  12 lindwurms
  A lindwurm (shapeshifter) (D:15)
  6 wizards
  13 orb spiders
  9 ironbound convokers
  14 harpies
  A golden dragon skeleton (D:15)
  9 steelbarb worms
  2 necromancers
  6 orc knights
  26 ugly things
  A deep elf pyromancer (D:15)
  A wolf spider zombie (D:14)
  An orc sorcerer (D:15)
  A frost giant zombie (D:15)
  2 fauns (Shoals:2)
  A fire giant zombie (D:15)
  3 moths of wrath
  13 wolf spiders
  9 cyclopes
  15 manticores
  17 elephants
  5 black mambas
  11 centaur zombies (D:14)
  11 vault sentinels
  9 merfolk sirens
  Maurice (D:9)
  9 water nymphs
  A molten gargoyle (Gauntlet)
  11 cane toads
  5 torpor snails
  A freezing wraith (D:14)
  4 gargoyles
  2 unseen horrors
  2 kobold demonologists
  A rime drake (shapeshifter) (D:14)
  A rime drake (Lair:5)
  An efreet (D:14)
  21 yaktaurs
  9 komodo dragons
  2 tengu conjurers (Depths:1)
  2 hellwings (D:10)
  6 meliai (Spider:3)
  35 merfolk
  11 polar bears
  6 hornets (Lair:3)
  9 trolls
  A hornet (shapeshifter) (D:15)
  7 wind drakes
  A raiju (Lair:5)
  14 dream sheep
  30 tarantellas
  16 blink frogs
  A raiju (shapeshifter) (D:14)
  A jumping spider (shapeshifter) (D:14)
  8 snapping turtles
  16 slime creatures
  24 culicivoras
  28 jumping spiders
  4 wraiths
  24 yaks
  21 water elementals
  7 wyverns
  3 shadows
  3 humans (Shoals:1)
  A chaos spawn (Gauntlet)
  A basilisk (shapeshifter) (D:14)
  5 basilisks
  2 neqoxecs
  6 vampire mosquitoes
  Grum (D:11)
  48 redbacks
  2 steam dragons (D:8)
  2 swamp worms (Gauntlet)
  6 wargs
  An acid dragon (D:9)
  19 water moccasins
  Duvessa (D:7)
  16 hell hounds (Lair:5)
  36 orc warriors
  11 black bears (Lair:5)
  3 sky beasts
  7 ogres
  2 ice beasts
  36 wolves
  18 centaurs
  A phantom (D:4)
  2 kobold brigands (D:8)
  8 bullfrogs
  2 gnoll sergeants (D:9)
  2 scorpions
  12 wights
  Dowan (D:7)
  6 killer bees (D:8)
  4 howler monkeys
  2 hounds
  2 quasits (D:10)
  8 orc priests
  A gnoll bouda (D:5)
  2 human zombies (Ossuary)
  3 sleepcaps
  4 iguanas
  25 orc wizards
  2 boggart zombies (D:14)
  2 hell rats (Lair:2)
  A hound zombie (Ossuary)
  4 mummies (Ossuary)
  Robin (D:3)
  8 adders
  13 gnolls
  10 river rats (Lair:2)
  A white imp (D:6)
  6 worms
  3 dart slugs
  80 orcs
  7 ball pythons
  3 bats
  3 endoplasms
  6 giant cockroaches
  16 goblins
  10 hobgoblins
  7 jackals
  3 quokkas
  2 frilled lizards
  A gnoll zombie (Ossuary)
  3 goblin zombies (Ossuary)
  A hobgoblin zombie (Ossuary)
  A jackal zombie (Ossuary)
  27 kobolds
  2 kobold zombies (Ossuary)
  5 rats
  A rat zombie (Ossuary)
1390 creatures vanquished.

Vanquished Creatures (others)
  A fire giant (Depths:2)
  A wizard (Vaults:3)
  2 ugly things (Depths:2)
  3 wights (D:7)
7 creatures vanquished.

Grand Total: 1397 creatures vanquished

Notes
Turn   | Place    | Note
-------+----------+-------------------------------------------
     0 | D:1      | qw the Gargoyle Hunter began the quest for the Orb.
     0 | D:1      | Reached XP level 1. HP: 12/12 MP: 1/1
     0 | D:1      | 0 ||| qw: Version: 0.3-a-83-gcd0e7d8
     0 | D:1      | 0 ||| qw: Game counter: 1558
     0 | D:1      | 0 ||| qw: Melee chars always use a shield: true
     0 | D:1      | 0 ||| qw: God list: Okawaru
     0 | D:1      | 0 ||| qw: Allow faded altars: false
     0 | D:1      | 0 ||| qw: Do Orc after clearing Dungeon:15 true
     0 | D:1      | 0 ||| qw: Do second Lair branch before Depths: true
     0 | D:1      | 0 ||| qw: Lair rune preference: random
     0 | D:1      | 0 ||| qw: Goals: Normal
     0 | D:1      | 0 ||| PLANNING D:1-11
   114 | D:1      | Reached XP level 2. HP: 17/17 MP: 2/2
   235 | D:1      | Found a faded altar of an unknown god.
   365 | D:1      | Reached XP level 3. HP: 21/21 MP: 3/3
   425 | D:1      | Reached skill level 5 in Ranged Weapons
   453 | D:1      | You fall into a shaft and drop 1 floor!
   571 | D:2      | Reached skill level 3 in Fighting
   655 | D:2      | 655 ||| UPGRADING to +0 ring mail.
   665 | D:2      | 665 ||| DROPPING +0 leather armour.
   666 | D:2      | 666 ||| UPGRADING to +6 ring of dexterity.
   667 | D:2      | 667 ||| READING scroll labelled ETYGAEKHOS.
   668 | D:2      | 668 ||| READING 3 scrolls labelled YFIKHU SATH.
   669 | D:2      | 669 ||| READING 2 scrolls labelled OHILLI WEAVEUJ.
   670 | D:2      | 670 ||| READING scroll labelled GUEQUDUTUG.
   675 | D:2      | 675 ||| READING scroll labelled DYRPHO LODGHYMNO.
   676 | D:2      | 676 ||| DRINKING 2 brown potions.
   677 | D:2      | 677 ||| READING 2 scrolls of identify.
   677 | D:2      | 677 ||| IDENTIFYING coppery potion
   678 | D:2      | 678 ||| DROPPING scroll of butterflies.
   679 | D:2      | 679 ||| DROPPING potion of degeneration.
   680 | D:2      | 680 ||| DROPPING scroll of revelation.
   712 | D:1      | Reached XP level 4. HP: 28/28 MP: 4/4
  1081 | D:2      | Reached skill level 1 in Armour
  1335 | D:2      | 1335 ||| READING scroll labelled GEZXASHR JODWY.
  1336 | D:2      | 1336 ||| READING 2 scrolls of identify.
  1336 | D:2      | 1336 ||| IDENTIFYING inky potion
  1337 | D:2      | 1337 ||| DROPPING potion of lignification.
  1387 | D:3      | 1387 ||| STAIRDANCE
  1391 | D:3      | 1391 ||| STAIRDANCE
  1417 | D:3      | 1417 ||| STAIRDANCE
  1450 | D:3      | Found a glowing silver altar of Zin.
  1750 | D:3      | Reached XP level 5. HP: 32/32 MP: 5/5
  1760 | D:3      | Noticed Robin
  1765 | D:3      | Killed Robin
  1777 | D:3      | Found a bloodstained altar of Trog.
  1894 | D:3      | 1894 ||| UPGRADING to +0 helmet.
  1899 | D:3      | 1899 ||| UPGRADING to +5 ring of evasion.
  1900 | D:3      | 1900 ||| DRINKING 4 ruby potions.
  1900 | D:3      | Gained mutation: You are strong-willed. (Will+) [potion of
                  | mutation]
  1900 | D:3      | Gained mutation: You are robust. (+10% HP) [potion of
                  | mutation]
  1910 | D:3      | 1910 ||| DRINKING 2 emerald potions.
  1911 | D:3      | 1911 ||| READING 2 scrolls of identify.
  1911 | D:3      | 1911 ||| IDENTIFYING fizzy sapphire potion
  1912 | D:3      | 1912 ||| DROPPING potion of magic.
  1936 | D:4      | 1936 ||| STAIRDANCE
  1946 | D:3      | Reached skill level 6 in Ranged Weapons
  2012 | D:4      | Noticed a phantom
  2022 | D:4      | Killed a phantom
  2023 | D:4      | Reached XP level 6. HP: 37/41 MP: 6/6
  2298 | D:4      | Found a glowing golden altar of the Shining One.
  2302 | D:4      | Found an opulent altar of Gozag.
  2627 | D:4      | 2627 ||| UPGRADING to +0 cloak.
  2671 | D:5      | Entered Level 5 of the Dungeon
  2691 | D:5      | Found a staircase to the Ecumenical Temple.
  2692 | D:5      | 2692 ||| PLANNING TEMPLE
  2700 | Temple   | Entered the Ecumenical Temple
  2701 | Temple   | 2701 ||| PLANNING OKAWARU WORSHIP
  2705 | Temple   | Became a worshipper of Warmaster Okawaru
  2706 | Temple   | 2706 ||| PLANNING D:1-11
  2798 | D:5      | Noticed a water moccasin
  2799 | D:5      | 2799 ||| RETREEAATING.
  2801 | D:5      | 2801 ||| Stepping ~*~*~tactically~*~*~ (retreating).
  2808 | D:5      | 2808 ||| Stepping ~*~*~tactically~*~*~ (retreating).
  2815 | D:5      | Killed a water moccasin
  2816 | D:5      | Reached skill level 7 in Ranged Weapons
  2816 | D:5      | Reached XP level 7. HP: 31/47 MP: 7/7
  2945 | D:5      | Reached * piety under Okawaru
  3027 | D:5      | Identified the +2 sling of Sin {drain, rPois Int+4}
  3029 | D:5      | 3029 ||| DROPPING +2 sling of Sin {drain, rPois Int+4}.
  3147 | D:5      | Reached skill level 1 in Invocations
  3462 | D:5      | 3462 ||| INVOKING Heroism.
  3492 | D:5      | 3492 ||| READING scroll labelled ABBOBL REZOETE.
  3493 | D:5      | 3493 ||| READING 3 scrolls of identify.
  3493 | D:5      | 3493 ||| IDENTIFYING black potion
  3505 | D:6      | Found a burning altar of Makhleb.
  3506 | D:6      | 3506 ||| PLANNING OSSUARY
  3508 | D:6      | Reached skill level 8 in Ranged Weapons
  3508 | D:6      | Reached skill level 3 in Invocations
  3508 | D:6      | Reached XP level 8. HP: 38/52 MP: 10/10
  3508 | D:6      | 3508 ||| STAIRDANCE
  3669 | D:6      | Found a sand-covered staircase.
  3670 | D:6      | 3670 ||| DROPPING +6 ring of intelligence.
  3680 | Ossuary  | Entered an ossuary
  3914 | Ossuary  | 3914 ||| READING 2 scrolls labelled ZISTRA PIADO.
  3915 | Ossuary  | 3915 ||| READING 3 scrolls of identify.
  3915 | Ossuary  | 3915 ||| IDENTIFYING white potion
  3916 | Ossuary  | 3916 ||| DROPPING scroll of amnesia.
  3917 | Ossuary  | 3917 ||| DROPPING potion of invisibility.
  3931 | D:6      | 3931 ||| PLANNING D:1-11
  3982 | D:6      | Reached ** piety under Okawaru
  4050 | D:6      | 4050 ||| FLEEEEING.
  4053 | D:6      | 4053 ||| FLEEEEING.
  4054 | D:6      | 4054 ||| FLEEEEING.
  4055 | D:6      | 4055 ||| STAIRDANCE
  4280 | D:6      | Reached skill level 9 in Ranged Weapons
  4541 | D:6      | 4541 ||| READING 6 scrolls of identify.
  4541 | D:6      | 4541 ||| IDENTIFYING puce potion
  4594 | D:7      | 4594 ||| INVOKING Heroism.
  4599 | D:7      | Reached skill level 6 in Fighting
  4725 | D:7      | Reached skill level 3 in Dodging
  4749 | D:7      | Reached XP level 9. HP: 60/60 MP: 12/12
  4827 | D:7      | Noticed Duvessa
  4828 | D:7      | 4828 ||| INVOKING Heroism.
  4832 | D:7      | Noticed Dowan
  4835 | D:7      | Killed Duvessa
  4837 | D:7      | Killed Dowan
  4898 | D:7      | Reached skill level 10 in Ranged Weapons
  4964 | D:7      | Reached skill level 3 in Armour
  4991 | D:7      | Found a radiant altar of Vehumet.
  4997 | D:7      | Found a sparkling altar of Nemelex Xobeh.
  5187 | D:7      | 5187 ||| INVOKING Heroism.
  5658 | D:7      | 5658 ||| READING scroll labelled ZOEBLIZXERPH.
  5659 | D:7      | 5659 ||| READING scroll labelled OSACEXKI ZUIM.
  5660 | D:7      | 5660 ||| READING 6 scrolls of identify.
  5660 | D:7      | 5660 ||| IDENTIFYING yellow potion
  5661 | D:7      | 5661 ||| READING 5 scrolls of identify.
  5661 | D:7      | 5661 ||| IDENTIFYING metallic pink potion
  5662 | D:7      | 5662 ||| DROPPING potion of ambrosia.
  6011 | D:8      | 6011 ||| INVOKING Heroism.
  6041 | D:8      | 6041 ||| RETREEAATING.
  6043 | D:8      | 6043 ||| Stepping ~*~*~tactically~*~*~ (retreating).
  6052 | D:8      | 6052 ||| Stepping ~*~*~tactically~*~*~ (retreating).
  6057 | D:8      | 6057 ||| INVOKING Heroism.
  6060 | D:8      | Reached skill level 11 in Ranged Weapons
  6302 | D:8      | 6302 ||| Stepping ~*~*~tactically~*~*~ (cloud).
  6305 | D:8      | 6305 ||| INVOKING Heroism.
  6306 | D:8      | 6306 ||| Stepping ~*~*~tactically~*~*~ (cloud).
  6317 | D:8      | Reached XP level 10. HP: 33/69 MP: 11/13
  6318 | D:8      | 6318 ||| Stepping ~*~*~tactically~*~*~ (cloud).
  6319 | D:8      | 6319 ||| Stepping ~*~*~tactically~*~*~ (cloud).
  6325 | D:8      | 6325 ||| Stepping ~*~*~tactically~*~*~ (retreating).
  6344 | D:8      | 6344 ||| INVOKING Heroism.
  6560 | D:8      | 6560 ||| READING scroll of enchant armour.
  6560 | D:8      | 6560 ||| ENCHANTING +0 helmet.
  6790 | D:8      | Found a hazy altar of Hepliaklqana.
  6792 | D:8      | 6792 ||| INVOKING Heroism.
  6820 | D:8      | Found a faded altar of an unknown god.
  6822 | D:8      | 6822 ||| UPGRADING to +2 robe of willpower.
  6832 | D:8      | 6832 ||| DROPPING +0 ring mail.
  6833 | D:8      | 6833 ||| DROPPING ring of flight.
  6834 | D:8      | 6834 ||| READING scroll labelled OTROIFARCHO.
  6834 | D:8      | Identified a scroll of acquirement
  6834 | D:8      | 6834 ||| ACQUIRING amulet "Igeymyu" {Regen+ Int+5}
  6834 | D:8      | Acquired the amulet "Igeymyu" {Regen+ Int+5}
  6836 | D:8      | 6836 ||| UPGRADING to amulet "Igeymyu" {Regen+ Int+5}.
  6841 | D:8      | 6841 ||| READING 4 scrolls of identify.
  6841 | D:8      | 6841 ||| IDENTIFYING fizzy silvery potion
  6842 | D:8      | 6842 ||| DROPPING potion of berserk rage.
  7056 | D:9      | 7056 ||| RETREEAATING.
  7058 | D:9      | 7058 ||| Stepping ~*~*~tactically~*~*~ (retreating).
  7186 | D:9      | Reached *** piety under Okawaru
  7231 | D:9      | 7231 ||| FLEEEEING.
  7232 | D:9      | 7232 ||| FLEEEEING.
  7233 | D:9      | 7233 ||| FLEEEEING.
  7234 | D:9      | 7234 ||| FLEEEEING.
  7235 | D:9      | 7235 ||| FLEEEEING.
  7236 | D:9      | 7236 ||| FLEEEEING.
  7237 | D:9      | 7237 ||| FLEEEEING.
  7238 | D:9      | 7238 ||| FLEEEEING.
  7239 | D:9      | 7239 ||| FLEEEEING.
  7240 | D:9      | 7240 ||| FLEEEEING.
  7241 | D:9      | 7241 ||| FLEEEEING.
  7242 | D:9      | 7242 ||| FLEEEEING.
  7246 | D:9      | 7246 ||| FLEEEEING.
  7247 | D:9      | 7247 ||| FLEEEEING.
  7248 | D:9      | 7248 ||| FLEEEEING.
  7249 | D:9      | 7249 ||| FLEEEEING.
  7252 | D:9      | 7252 ||| FLEEEEING.
  7253 | D:9      | 7253 ||| FLEEEEING.
  7254 | D:9      | 7254 ||| FLEEEEING.
  7259 | D:9      | 7259 ||| FLEEEEING.
  7260 | D:9      | 7260 ||| FLEEEEING.
  7261 | D:9      | 7261 ||| FLEEEEING.
  7262 | D:9      | 7262 ||| FLEEEEING.
  7263 | D:9      | 7263 ||| FLEEEEING.
  7264 | D:9      | 7264 ||| FLEEEEING.
  7358 | D:9      | 7358 ||| RETREEAATING.
  7360 | D:9      | 7360 ||| STILL RETREEAATING.
  7392 | D:9      | 7392 ||| INVOKING Heroism.
  7402 | D:9      | Reached skill level 12 in Ranged Weapons
  7442 | D:9      | 7442 ||| SWAPPING to +0 orcbow.
  7443 | D:9      | 7443 ||| DROPPING +1 shortbow of flaming.
  7756 | D:9      | Found an ornate altar of the Wu Jian Council.
  7756 | D:9      | Noticed Maurice
  7765 | D:9      | Something stole a ring of fire
  7770 | D:9      | Something stole 757 gold
  7771 | D:9      | Something stole 81 gold
  7810 | D:9      | Killed Maurice
  7937 | D:9      | 7937 ||| UPGRADING to +1 cloak.
  7947 | D:9      | 7947 ||| DROPPING +0 cloak.
  7992 | D:10     | Entered Level 10 of the Dungeon
  8090 | D:10     | 8090 ||| INVOKING Heroism.
  8180 | D:10     | Reached **** piety under Okawaru
  8183 | D:10     | 8183 ||| INVOKING Heroism.
  8226 | D:10     | Found a staircase to the Lair.
  8268 | D:10     | 8268 ||| INVOKING Heroism.
  8311 | D:10     | 8311 ||| RETREEAATING.
  8312 | D:10     | 8312 ||| STILL RETREEAATING.
  8313 | D:10     | 8313 ||| STILL RETREEAATING.
  8560 | D:10     | Noticed a two-headed ogre
  8563 | D:10     | 8563 ||| RETREEAATING.
  8566 | D:10     | 8566 ||| STILL RETREEAATING.
  8567 | D:10     | 8567 ||| STILL RETREEAATING.
  8568 | D:10     | 8568 ||| STILL RETREEAATING.
  8569 | D:10     | 8569 ||| STILL RETREEAATING.
  8583 | D:10     | 8583 ||| INVOKING Heroism.
  8590 | D:10     | Killed a two-headed ogre
  8591 | D:10     | Reached skill level 13 in Ranged Weapons
  8591 | D:10     | Reached XP level 11. HP: 74/74 MP: 11/15
  8757 | D:10     | 8757 ||| PLANNING LAIR
  8757 | D:10     | 8757 ||| READING 2 scrolls labelled COLLUI KANTECS.
  8758 | D:10     | 8758 ||| DRINKING 2 blue potions.
  8759 | D:10     | 8759 ||| DROPPING scroll of noise.
  8778 | D:10     | Reached skill level 6 in Invocations
  8801 | Lair:1   | Entered Level 1 of the Lair of Beasts
  8812 | Lair:1   | 8812 ||| STAIRDANCE
  8934 | Lair:1   | 8934 ||| RETREEAATING.
  8935 | Lair:1   | 8935 ||| Stepping ~*~*~tactically~*~*~ (retreating).
  8936 | Lair:1   | 8936 ||| Stepping ~*~*~tactically~*~*~ (retreating).
  8937 | Lair:1   | 8937 ||| Stepping ~*~*~tactically~*~*~ (retreating).
  8938 | Lair:1   | 8938 ||| Stepping ~*~*~tactically~*~*~ (retreating).
  8939 | Lair:1   | 8939 ||| Stepping ~*~*~tactically~*~*~ (retreating).
  9011 | Lair:1   | Reached ***** piety under Okawaru
  9039 | Lair:1   | 9039 ||| RETREEAATING.
  9071 | Lair:1   | Reached skill level 9 in Fighting
  9108 | Lair:1   | 9108 ||| Stepping ~*~*~tactically~*~*~ (retreating).
  9109 | Lair:1   | 9109 ||| Stepping ~*~*~tactically~*~*~ (retreating).
  9110 | Lair:1   | 9110 ||| Stepping ~*~*~tactically~*~*~ (retreating).
  9111 | Lair:1   | 9111 ||| Stepping ~*~*~tactically~*~*~ (retreating).
  9112 | Lair:1   | 9112 ||| RETREEAATING.
  9113 | Lair:1   | 9113 ||| STILL RETREEAATING.
  9114 | Lair:1   | 9114 ||| STILL RETREEAATING.
  9115 | Lair:1   | 9115 ||| STILL RETREEAATING.
  9116 | Lair:1   | 9116 ||| Stepping ~*~*~tactically~*~*~ (retreating).
  9119 | Lair:1   | 9119 ||| STILL RETREEAATING.
  9121 | Lair:1   | 9121 ||| Stepping ~*~*~tactically~*~*~ (retreating).
  9134 | Lair:1   | Received a gift from Okawaru
  9259 | Lair:1   | 9259 ||| INVOKING Heroism.
  9320 | Lair:1   | 9320 ||| INVOKING Heroism.
  9491 | Lair:1   | 9491 ||| INVOKING Heroism.
  9583 | Lair:2   | 9583 ||| INVOKING Heroism.
  9588 | Lair:2   | 9588 ||| Stepping ~*~*~tactically~*~*~ (retreating).
  9591 | Lair:2   | 9591 ||| STAIRDANCE
  9613 | Lair:2   | 9613 ||| INVOKING Heroism.
  9663 | Lair:2   | 9663 ||| INVOKING Heroism.
  9729 | Lair:2   | 9729 ||| INVOKING Heroism.
  9734 | Lair:2   | Reached skill level 9 in Invocations
  9835 | Lair:2   | Found a staircase to the Shoals.
  9917 | Lair:2   | Found a hole to the Spider Nest.
  9917 | Lair:2   | Noticed an orb spider
  9923 | Lair:2   | Killed an orb spider
  9924 | Lair:2   | Reached skill level 14 in Ranged Weapons
  9924 | Lair:2   | Reached XP level 12. HP: 83/83 MP: 18/18
  9924 | Lair:2   | 9924 ||| DROPPING ring of fire.
 10230 | Lair:2   | 10230 ||| FLEEEEING.
 10231 | Lair:2   | 10231 ||| FLEEEEING.
 10232 | Lair:2   | 10232 ||| FLEEEEING.
 10233 | Lair:2   | 10233 ||| FLEEEEING.
 10404 | Lair:2   | 10404 ||| READING scroll labelled LOEJER GUIDAEM.
 10405 | Lair:2   | 10405 ||| READING 3 scrolls labelled ERHOUSHYICI.
 10421 | Lair:2   | 10421 ||| DROPPING 2 scrolls of torment.
 10445 | Lair:3   | 10445 ||| RETREEAATING.
 10446 | Lair:3   | 10446 ||| STILL RETREEAATING.
 10447 | Lair:3   | 10447 ||| STILL RETREEAATING.
 10448 | Lair:3   | 10448 ||| STILL RETREEAATING.
 10449 | Lair:3   | 10449 ||| STILL RETREEAATING.
 10472 | Lair:3   | 10472 ||| Stepping ~*~*~tactically~*~*~ (retreating).
 10565 | Lair:3   | 10565 ||| RETREEAATING.
 10566 | Lair:3   | 10566 ||| Stepping ~*~*~tactically~*~*~ (retreating).
 10567 | Lair:3   | 10567 ||| Stepping ~*~*~tactically~*~*~ (retreating).
 10568 | Lair:3   | 10568 ||| Stepping ~*~*~tactically~*~*~ (retreating).
 10569 | Lair:3   | 10569 ||| Stepping ~*~*~tactically~*~*~ (retreating).
 10570 | Lair:3   | 10570 ||| Stepping ~*~*~tactically~*~*~ (retreating).
 10581 | Lair:3   | 10581 ||| INVOKING Heroism.
 10587 | Lair:3   | Reached skill level 6 in Dodging
 10728 | Lair:3   | 10728 ||| INVOKING Heroism.
 10819 | Lair:3   | Received a gift from Okawaru
 10832 | Lair:3   | 10832 ||| Stepping ~*~*~tactically~*~*~ (retreating).
 10833 | Lair:3   | 10833 ||| Stepping ~*~*~tactically~*~*~ (retreating).
 10834 | Lair:3   | 10834 ||| Stepping ~*~*~tactically~*~*~ (retreating).
 10963 | Lair:3   | Noticed a catoblepas
 10964 | Lair:3   | 10964 ||| INVOKING Heroism.
 10965 | Lair:3   | 10965 ||| INVOKING Finesse.
 10989 | Lair:3   | Killed a catoblepas
 11010 | Lair:3   | 11010 ||| INVOKING Heroism.
 11079 | Lair:3   | 11079 ||| READING 7 scrolls of identify.
 11079 | Lair:3   | 11079 ||| IDENTIFYING sedimented grey potion
 11319 | Lair:3   | 11319 ||| DROPPING potion of brilliance.
 11356 | Lair:4   | Reached skill level 15 in Ranged Weapons
 11760 | Lair:4   | 11760 ||| INVOKING Heroism.
 11860 | Lair:4   | 11860 ||| INVOKING Heroism.
 11865 | Lair:4   | 11865 ||| RETREEAATING.
 11870 | Lair:4   | 11870 ||| Stepping ~*~*~tactically~*~*~ (retreating).
 11871 | Lair:4   | 11871 ||| Stepping ~*~*~tactically~*~*~ (retreating).
 11872 | Lair:4   | 11872 ||| Stepping ~*~*~tactically~*~*~ (retreating).
 11873 | Lair:4   | 11873 ||| Stepping ~*~*~tactically~*~*~ (retreating).
 11875 | Lair:4   | 11875 ||| STILL RETREEAATING.
 12026 | Lair:5   | Entered Level 5 of the Lair of Beasts
 12059 | Lair:5   | Reached XP level 13. HP: 90/90 MP: 20/20
 12071 | Lair:5   | 12071 ||| RETREEAATING.
 12072 | Lair:5   | 12072 ||| STILL RETREEAATING.
 12080 | Lair:5   | 12080 ||| Stepping ~*~*~tactically~*~*~ (retreating).
 12081 | Lair:5   | 12081 ||| Stepping ~*~*~tactically~*~*~ (retreating).
 12086 | Lair:5   | 12086 ||| RETREEAATING.
 12094 | Lair:5   | 12094 ||| INVOKING Heroism.
 12099 | Lair:5   | 12099 ||| INVOKING Finesse.
 12117 | Lair:5   | Received a gift from Okawaru
 12118 | Lair:5   | Reached skill level 16 in Ranged Weapons
 12142 | Lair:5   | 12142 ||| INVOKING Finesse.
 12227 | Lair:5   | 12227 ||| INVOKING Heroism.
 12339 | Lair:5   | 12339 ||| INVOKING Heroism.
 12386 | Lair:5   | 12386 ||| INVOKING Heroism.
 12487 | Lair:5   | 12487 ||| INVOKING Heroism.
 12518 | Lair:5   | 12518 ||| Stepping ~*~*~tactically~*~*~ (retreating).
 12529 | Lair:5   | 12529 ||| INVOKING Heroism.
 12584 | Lair:5   | 12584 ||| INVOKING Heroism.
 12606 | Lair:5   | 12606 ||| RETREEAATING.
 12607 | Lair:5   | 12607 ||| STILL RETREEAATING.
 12638 | Lair:5   | 12638 ||| INVOKING Heroism.
 12652 | Lair:5   | Reached skill level 12 in Fighting
 12717 | Lair:5   | 12717 ||| Stepping ~*~*~tactically~*~*~ (retreating).
 12725 | Lair:5   | 12725 ||| Stepping ~*~*~tactically~*~*~ (retreating).
 12726 | Lair:5   | 12726 ||| Stepping ~*~*~tactically~*~*~ (retreating).
 12727 | Lair:5   | 12727 ||| Stepping ~*~*~tactically~*~*~ (retreating).
 12728 | Lair:5   | 12728 ||| Stepping ~*~*~tactically~*~*~ (retreating).
 12729 | Lair:5   | 12729 ||| INVOKING Heroism.
 12752 | Lair:5   | HP: 18/94 [wolf (9)]
 12753 | Lair:5   | 12753 ||| READING 6 scrolls of teleportation.
 12754 | Lair:5   | 12754 ||| DRINKING 4 potions of heal wounds.
 12758 | Lair:5   | 12758 ||| Stepping ~*~*~tactically~*~*~ (retreating).
 12759 | Lair:5   | 12759 ||| Stepping ~*~*~tactically~*~*~ (retreating).
 12760 | Lair:5   | 12760 ||| Stepping ~*~*~tactically~*~*~ (retreating).
 12777 | Lair:5   | 12777 ||| INVOKING Heroism.
 12787 | Lair:5   | HP: 20/94 [yak (11)]
 12788 | Lair:5   | 12788 ||| READING 5 scrolls of teleportation.
 12789 | Lair:5   | 12789 ||| DRINKING 3 potions of heal wounds.
 13024 | Lair:5   | 13024 ||| RETREEAATING.
 13031 | Lair:5   | 13031 ||| Stepping ~*~*~tactically~*~*~ (retreating).
 13032 | Lair:5   | 13032 ||| Stepping ~*~*~tactically~*~*~ (retreating).
 13033 | Lair:5   | 13033 ||| Stepping ~*~*~tactically~*~*~ (retreating).
 13034 | Lair:5   | 13034 ||| Stepping ~*~*~tactically~*~*~ (retreating).
 13035 | Lair:5   | 13035 ||| Stepping ~*~*~tactically~*~*~ (retreating).
 13116 | Lair:5   | 13116 ||| INVOKING Heroism.
 13142 | Lair:5   | 13142 ||| RETREEAATING.
 13155 | Lair:5   | 13155 ||| INVOKING Heroism.
 13188 | Lair:5   | 13188 ||| Stepping ~*~*~tactically~*~*~ (retreating).
 13190 | Lair:5   | 13190 ||| Stepping ~*~*~tactically~*~*~ (retreating).
 13191 | Lair:5   | 13191 ||| Stepping ~*~*~tactically~*~*~ (retreating).
 13192 | Lair:5   | 13192 ||| Stepping ~*~*~tactically~*~*~ (retreating).
 13193 | Lair:5   | 13193 ||| Stepping ~*~*~tactically~*~*~ (retreating).
 13195 | Lair:5   | 13195 ||| INVOKING Heroism.
 13226 | Lair:5   | 13226 ||| Stepping ~*~*~tactically~*~*~ (retreating).
 13228 | Lair:5   | 13228 ||| Stepping ~*~*~tactically~*~*~ (retreating).
 13233 | Lair:5   | 13233 ||| Stepping ~*~*~tactically~*~*~ (retreating).
 13239 | Lair:5   | 13239 ||| INVOKING Heroism.
 13272 | Lair:5   | 13272 ||| RETREEAATING.
 13273 | Lair:5   | 13273 ||| STILL RETREEAATING.
 13274 | Lair:5   | 13274 ||| STILL RETREEAATING.
 13275 | Lair:5   | 13275 ||| STILL RETREEAATING.
 13276 | Lair:5   | 13276 ||| STILL RETREEAATING.
 13277 | Lair:5   | 13277 ||| STILL RETREEAATING.
 13278 | Lair:5   | 13278 ||| STILL RETREEAATING.
 13279 | Lair:5   | 13279 ||| STILL RETREEAATING.
 13280 | Lair:5   | 13280 ||| STILL RETREEAATING.
 13289 | Lair:5   | 13289 ||| Stepping ~*~*~tactically~*~*~ (retreating).
 13290 | Lair:5   | 13290 ||| Stepping ~*~*~tactically~*~*~ (retreating).
 13291 | Lair:5   | 13291 ||| Stepping ~*~*~tactically~*~*~ (retreating).
 13300 | Lair:5   | 13300 ||| Stepping ~*~*~tactically~*~*~ (retreating).
 13301 | Lair:5   | 13301 ||| Stepping ~*~*~tactically~*~*~ (retreating).
 13302 | Lair:5   | 13302 ||| Stepping ~*~*~tactically~*~*~ (retreating).
 13303 | Lair:5   | 13303 ||| Stepping ~*~*~tactically~*~*~ (retreating).
 13304 | Lair:5   | 13304 ||| Stepping ~*~*~tactically~*~*~ (retreating).
 13307 | Lair:5   | 13307 ||| Stepping ~*~*~tactically~*~*~ (retreating).
 13308 | Lair:5   | 13308 ||| Stepping ~*~*~tactically~*~*~ (retreating).
 13309 | Lair:5   | 13309 ||| Stepping ~*~*~tactically~*~*~ (retreating).
 13310 | Lair:5   | 13310 ||| Stepping ~*~*~tactically~*~*~ (retreating).
 13311 | Lair:5   | 13311 ||| Stepping ~*~*~tactically~*~*~ (retreating).
 13312 | Lair:5   | 13312 ||| Stepping ~*~*~tactically~*~*~ (retreating).
 13313 | Lair:5   | 13313 ||| Stepping ~*~*~tactically~*~*~ (retreating).
 13314 | Lair:5   | 13314 ||| Stepping ~*~*~tactically~*~*~ (retreating).
 13315 | Lair:5   | 13315 ||| Stepping ~*~*~tactically~*~*~ (retreating).
 13316 | Lair:5   | 13316 ||| Stepping ~*~*~tactically~*~*~ (retreating).
 13317 | Lair:5   | 13317 ||| Stepping ~*~*~tactically~*~*~ (retreating).
 13318 | Lair:5   | 13318 ||| Stepping ~*~*~tactically~*~*~ (retreating).
 13325 | Lair:5   | 13325 ||| Stepping ~*~*~tactically~*~*~ (retreating).
 13326 | Lair:5   | 13326 ||| Stepping ~*~*~tactically~*~*~ (retreating).
 13327 | Lair:5   | 13327 ||| Stepping ~*~*~tactically~*~*~ (retreating).
 13328 | Lair:5   | 13328 ||| Stepping ~*~*~tactically~*~*~ (retreating).
 13330 | Lair:5   | 13330 ||| Stepping ~*~*~tactically~*~*~ (retreating).
 13331 | Lair:5   | 13331 ||| Stepping ~*~*~tactically~*~*~ (retreating).
 13332 | Lair:5   | 13332 ||| Stepping ~*~*~tactically~*~*~ (retreating).
 13333 | Lair:5   | 13333 ||| Stepping ~*~*~tactically~*~*~ (retreating).
 13334 | Lair:5   | 13334 ||| Stepping ~*~*~tactically~*~*~ (retreating).
 13335 | Lair:5   | 13335 ||| Stepping ~*~*~tactically~*~*~ (retreating).
 13360 | Lair:5   | 13360 ||| Stepping ~*~*~tactically~*~*~ (retreating).
 13361 | Lair:5   | 13361 ||| Stepping ~*~*~tactically~*~*~ (retreating).
 13362 | Lair:5   | 13362 ||| Stepping ~*~*~tactically~*~*~ (retreating).
 13363 | Lair:5   | 13363 ||| Stepping ~*~*~tactically~*~*~ (retreating).
 13371 | Lair:5   | Gained mutation: Your large and strong wings let you fly.
                  | [Gargoyle growth]
 13371 | Lair:5   | Reached XP level 14. HP: 85/103 MP: 21/21
 13373 | Lair:5   | Received a gift from Okawaru
 13463 | Lair:5   | 13463 ||| FLEEEEING.
 13465 | Lair:5   | 13465 ||| FLEEEEING.
 13466 | Lair:5   | 13466 ||| FLEEEEING.
 13467 | Lair:5   | 13467 ||| FLEEEEING.
 13468 | Lair:5   | 13468 ||| FLEEEEING.
 13469 | Lair:5   | 13469 ||| FLEEEEING.
 13470 | Lair:5   | 13470 ||| FLEEEEING.
 13474 | Lair:5   | 13474 ||| FLEEEEING.
 13475 | Lair:5   | 13475 ||| FLEEEEING.
 13476 | Lair:5   | 13476 ||| FLEEEEING.
 13477 | Lair:5   | 13477 ||| FLEEEEING.
 13479 | Lair:5   | 13479 ||| FLEEEEING.
 13483 | Lair:5   | 13483 ||| FLEEEEING.
 13484 | Lair:5   | 13484 ||| FLEEEEING.
 13485 | Lair:5   | 13485 ||| FLEEEEING.
 13486 | Lair:5   | 13486 ||| FLEEEEING.
 13487 | Lair:5   | 13487 ||| FLEEEEING.
 13488 | Lair:5   | 13488 ||| STAIRDANCE
 13506 | Lair:4   | 13506 ||| READING scroll labelled VESIETRELLA.
 13523 | Lair:5   | Reached skill level 9 in Dodging
 13523 | Lair:5   | 13523 ||| STAIRDANCE
 13759 | Lair:5   | Found a viscous altar of Jiyva.
 13761 | Lair:5   | Found a staircase to the Slime Pits.
 13887 | Lair:5   | 13887 ||| RETREEAATING.
 13889 | Lair:5   | 13889 ||| Stepping ~*~*~tactically~*~*~ (retreating).
 13892 | Lair:5   | 13892 ||| Stepping ~*~*~tactically~*~*~ (retreating).
 13893 | Lair:5   | 13893 ||| Stepping ~*~*~tactically~*~*~ (retreating).
 13943 | Lair:5   | 13943 ||| FLEEEEING.
 13946 | Lair:5   | 13946 ||| INVOKING Heroism.
 13951 | Lair:5   | 13951 ||| INVOKING Finesse.
 14024 | Lair:5   | 14024 ||| Stepping ~*~*~tactically~*~*~ (retreating).
 14025 | Lair:5   | 14025 ||| Stepping ~*~*~tactically~*~*~ (retreating).
 14026 | Lair:5   | 14026 ||| Stepping ~*~*~tactically~*~*~ (retreating).
 14027 | Lair:5   | 14027 ||| INVOKING Heroism.
 14028 | Lair:5   | 14028 ||| INVOKING Finesse.
 14101 | Lair:5   | 14101 ||| FLEEEEING.
 14102 | Lair:5   | 14102 ||| FLEEEEING.
 14103 | Lair:5   | 14103 ||| FLEEEEING.
 14105 | Lair:5   | 14105 ||| FLEEEEING.
 14106 | Lair:5   | 14106 ||| FLEEEEING.
 14107 | Lair:5   | 14107 ||| FLEEEEING.
 14108 | Lair:5   | 14108 ||| FLEEEEING.
 14112 | Lair:5   | 14112 ||| FLEEEEING.
 14116 | Lair:5   | 14116 ||| FLEEEEING.
 14123 | Lair:5   | 14123 ||| FLEEEEING.
 14129 | Lair:5   | 14129 ||| RETREEAATING.
 14130 | Lair:5   | 14130 ||| Stepping ~*~*~tactically~*~*~ (retreating).
 14131 | Lair:5   | 14131 ||| Stepping ~*~*~tactically~*~*~ (retreating).
 14132 | Lair:5   | 14132 ||| Stepping ~*~*~tactically~*~*~ (retreating).
 14133 | Lair:5   | 14133 ||| Stepping ~*~*~tactically~*~*~ (retreating).
 14134 | Lair:5   | 14134 ||| INVOKING Heroism.
 14152 | Lair:5   | 14152 ||| INVOKING Finesse.
 14279 | Lair:5   | 14279 ||| PLANNING D:1-11
 14279 | Lair:5   | 14279 ||| READING 9 scrolls of identify.
 14279 | Lair:5   | 14279 ||| IDENTIFYING metallic ruby potion
 14449 | D:11     | Noticed Erica
 14450 | D:11     | 14450 ||| INVOKING Heroism.
 14451 | D:11     | 14451 ||| STAIRDANCE
 14470 | D:11     | Killed Erica
 14656 | D:11     | 14656 ||| READING scroll of enchant armour.
 14656 | D:11     | 14656 ||| ENCHANTING +1 helmet.
 14752 | D:11     | Noticed Grum
 14753 | D:11     | 14753 ||| INVOKING Heroism.
 14766 | D:11     | Killed Grum
 15142 | D:11     | 15142 ||| PLANNING D
 15142 | D:11     | 15142 ||| UPGRADING to +0 troll leather armour.
 15152 | D:11     | 15152 ||| DROPPING +2 robe of willpower.
 15204 | D:12     | 15204 ||| STAIRDANCE
 15216 | D:12     | 15216 ||| STAIRDANCE
 15289 | D:12     | Found Sefum's Armour Emporium.
 15292 | D:12     | Found a staircase to the Orcish Mines.
 15295 | D:12     | Found Gonuengi's Weapon Emporium.
 15300 | D:12     | 15300 ||| BUYING +1 pair of gloves of dexterity (247 gold).
 15300 | D:12     | Bought a +1 pair of gloves of dexterity for 247 gold pieces
 15304 | D:12     | 15304 ||| BUYING +4 orcbow of electrocution (337 gold).
 15304 | D:12     | Bought a +4 orcbow of electrocution for 337 gold pieces
 15304 | D:12     | 15304 ||| SWAPPING to +4 orcbow of electrocution.
 15305 | D:12     | 15305 ||| DROPPING +0 orcbow.
 15476 | D:12     | Noticed Erolcha
 15477 | D:12     | 15477 ||| INVOKING Heroism.
 15482 | D:12     | 15482 ||| INVOKING Finesse.
 15485 | D:12     | Killed Erolcha
 15851 | D:12     | 15851 ||| UPGRADING to +1 pair of gloves of dexterity.
 15856 | D:12     | 15856 ||| READING 9 scrolls of identify.
 15856 | D:12     | 15856 ||| IDENTIFYING green potion
 15857 | D:12     | 15857 ||| DROPPING potion of attraction.
 15870 | D:13     | 15870 ||| PLANNING GAUNTLET
 15872 | D:13     | Found a gate leading to a gauntlet.
 15881 | Gauntlet | Entered a Gauntlet
 15881 | Gauntlet | Found a transporter.
 15891 | Gauntlet | Found a transporter.
 15905 | Gauntlet | Found a transporter.
 15910 | Gauntlet | Found a transporter.
 15925 | Gauntlet | Found a transporter.
 15945 | Gauntlet | Found a transporter.
 15957 | Gauntlet | Found a transporter.
 15969 | Gauntlet | Found a transporter.
 15981 | Gauntlet | Found a transporter.
 15987 | Gauntlet | Found a transporter.
 15989 | Gauntlet | Found a transporter.
 15989 | Gauntlet | Found a transporter.
 15991 | Gauntlet | Noticed a quicksilver ooze
 16003 | Gauntlet | Found a transporter.
 16025 | Gauntlet | Found a transporter.
 16042 | Gauntlet | Found a transporter.
 16067 | Gauntlet | Found a transporter.
 16099 | Gauntlet | Found a transporter.
 16179 | Gauntlet | Found a transporter.
 16293 | Gauntlet | 16293 ||| INVOKING Heroism.
 16316 | Gauntlet | 16316 ||| DROPPING +1 pair of gloves of dexterity.
 16337 | Gauntlet | Gained mutation: Your magical capacity is low. (-10% MP) [a
                  | neqoxec]
 16372 | Gauntlet | 16372 ||| RETREEAATING.
 16373 | Gauntlet | 16373 ||| INVOKING Heroism.
 16374 | Gauntlet | 16374 ||| INVOKING Finesse.
 16438 | Gauntlet | 16438 ||| DROPPING ring of positive energy.
 16445 | Gauntlet | 16445 ||| INVOKING Heroism.
 16446 | Gauntlet | 16446 ||| INVOKING Finesse.
 16456 | Gauntlet | Reached skill level 6 in Armour
 16559 | Gauntlet | 16559 ||| READING scroll labelled CIM ILULAMYJUICW.
 16573 | D:13     | 16573 ||| PLANNING D
 16655 | D:13     | Noticed Jorgrun
 16656 | D:13     | 16656 ||| INVOKING Heroism.
 16657 | D:13     | 16657 ||| INVOKING Finesse.
 16667 | D:13     | Killed Jorgrun
 16668 | D:13     | Reached skill level 15 in Fighting
 16735 | D:13     | Reached XP level 15. HP: 113/113 MP: 20/20
 17279 | D:14     | 17279 ||| Stepping ~*~*~tactically~*~*~ (retreating).
 17437 | D:14     | Found a gate to the Vaults.
 17514 | D:14     | 17514 ||| INVOKING Heroism.
 17557 | D:14     | Noticed Frances
 17558 | D:14     | 17558 ||| INVOKING Finesse.
 17561 | D:14     | 17561 ||| INVOKING Heroism.
 17569 | D:14     | Killed Frances
 17879 | D:14     | Found a basalt altar of Yredelemnul.
 18060 | D:15     | Entered Level 15 of the Dungeon
 18061 | D:15     | 18061 ||| RETREEAATING.
 18062 | D:15     | 18062 ||| INVOKING Heroism.
 18078 | D:15     | Received a gift from Okawaru
 18090 | D:15     | Found a staircase to the Depths.
 18109 | D:15     | 18109 ||| INVOKING Heroism.
 18248 | D:15     | 18248 ||| RETREEAATING.
 18250 | D:15     | 18250 ||| RETREEAATING.
 18254 | D:15     | 18254 ||| STILL RETREEAATING.
 18256 | D:15     | 18256 ||| RETREEAATING.
 18276 | D:15     | 18276 ||| Stepping ~*~*~tactically~*~*~ (retreating).
 18284 | D:15     | 18284 ||| Stepping ~*~*~tactically~*~*~ (retreating).
 18285 | D:15     | 18285 ||| Stepping ~*~*~tactically~*~*~ (retreating).
 18287 | D:15     | 18287 ||| INVOKING Heroism.
 18475 | D:15     | 18475 ||| FLEEEEING.
 18476 | D:15     | 18476 ||| FLEEEEING.
 18477 | D:15     | 18477 ||| FLEEEEING.
 18586 | D:15     | Reached skill level 12 in Dodging
 18975 | D:15     | Received a gift from Okawaru
 19268 | D:15     | 19268 ||| PLANNING ORC
 19379 | Orc:1    | Entered Level 1 of the Orcish Mines
 19385 | Orc:1    | 19385 ||| STAIRDANCE
 19392 | Orc:1    | 19392 ||| STAIRDANCE
 19403 | Orc:1    | 19403 ||| STAIRDANCE
 19416 | Orc:1    | 19416 ||| Stepping randomly (disturbance).
 19417 | Orc:1    | 19417 ||| Stepping randomly (disturbance).
 19466 | Orc:2    | Entered Level 2 of the Orcish Mines
 19466 | Orc:2    | Found a staircase to the Elven Halls.
 19470 | Orc:2    | 19470 ||| STAIRDANCE
 19492 | Orc:1    | Noticed Sonja
 19493 | Orc:1    | 19493 ||| INVOKING Finesse.
 19496 | Orc:1    | Killed Sonja
 19564 | Orc:1    | Noticed Harold
 19578 | Orc:1    | Killed Harold
 19946 | Orc:2    | 19946 ||| INVOKING Heroism.
 19989 | Orc:2    | Reached XP level 16. HP: 108/123 MP: 21/21
 20067 | Orc:2    | Noticed Saint Roka
 20068 | Orc:2    | 20068 ||| RETREEAATING.
 20069 | Orc:2    | 20069 ||| STILL RETREEAATING.
 20081 | Orc:2    | 20081 ||| RETREEAATING.
 20089 | Orc:2    | 20089 ||| INVOKING Heroism.
 20090 | Orc:2    | 20090 ||| INVOKING Finesse.
 20108 | Orc:2    | Killed Saint Roka
 20161 | Orc:2    | Found Utimm's Jewellery Boutique.
 20161 | Orc:2    | Found Cimn's Jewellery Emporium.
 20161 | Orc:2    | Found Sirases's Assorted Antiques.
 20164 | Orc:2    | Found Colagoac's Weapon Shop.
 20168 | Orc:2    | 20168 ||| BUYING amulet of faith (600 gold).
 20168 | Orc:2    | Bought an amulet of faith for 600 gold pieces
 20168 | Orc:2    | 20168 ||| BUYING amulet of reflection (450 gold).
 20168 | Orc:2    | Bought an amulet of reflection for 450 gold pieces
 20169 | Orc:2    | 20169 ||| BUYING +6 ring of dexterity (540 gold).
 20169 | Orc:2    | Bought a +6 ring of dexterity for 540 gold pieces
 20171 | Orc:2    | 20171 ||| BUYING potion of curing (99 gold).
 20171 | Orc:2    | Bought a potion of curing for 99 gold pieces
 20171 | Orc:2    | 20171 ||| BUYING runed robe (122 gold).
 20171 | Orc:2    | Bought a runed robe for 122 gold pieces
 20171 | Orc:2    | 20171 ||| SHOPLISTING scorched platinum ring (165 gold,
                  | have 159).
 20277 | Orc:2    | 20277 ||| DROPPING +0 robe of willpower.
 20278 | Orc:2    | 20278 ||| UPGRADING to amulet of faith.
 20288 | Orc:2    | 20288 ||| DROPPING amulet "Igeymyu" {Regen+ Int+5}.
 20289 | Orc:2    | 20289 ||| DROPPING ring of protection from fire.
 20290 | Orc:2    | 20290 ||| UPGRADING to +6 ring of dexterity.
 20292 | Orc:2    | 20292 ||| DROPPING +5 ring of evasion.
 20312 | Orc:1    | Noticed Nergalle
 20315 | Orc:1    | Killed Nergalle
 20428 | Orc:2    | Found Ohepuavy's Antique Armour Shop.
 20433 | Orc:2    | 20433 ||| BUYING glowing leather armour (175 gold).
 20433 | Orc:2    | Bought a glowing leather armour for 175 gold pieces
 20433 | Orc:2    | 20433 ||| BUYING glowing ring mail (245 gold).
 20433 | Orc:2    | Bought a glowing ring mail for 245 gold pieces
 20433 | Orc:2    | 20433 ||| SHOPLISTING runed ring mail (245 gold, have 22).
 20470 | Orc:2    | 20470 ||| PLANNING SHOALS:1-3
 20470 | Orc:2    | 20470 ||| UPGRADING to +2 leather armour of cold
                  | resistance.
 20480 | Orc:2    | 20480 ||| DROPPING +0 ring mail of poison resistance.
 20658 | Shoals:1 | Entered Level 1 of the Shoals
 20706 | Shoals:1 | 20706 ||| INVOKING Heroism.
 20809 | Shoals:1 | Noticed Donald
 20810 | Shoals:1 | 20810 ||| INVOKING Heroism.
 20811 | Shoals:1 | 20811 ||| INVOKING Finesse.
 20818 | Shoals:1 | Killed Donald
 20820 | Shoals:1 | Noticed Kirke
 20824 | Shoals:1 | 20824 ||| RETREEAATING.
 20825 | Shoals:1 | 20825 ||| STILL RETREEAATING.
 20829 | Shoals:1 | 20829 ||| STILL RETREEAATING.
 20830 | Shoals:1 | 20830 ||| DRINKING potion of cancellation.
 20834 | Shoals:1 | Killed Kirke
 20888 | Shoals:1 | 20888 ||| INVOKING Heroism.
 20889 | Shoals:1 | 20889 ||| INVOKING Finesse.
 20967 | Shoals:1 | 20967 ||| INVOKING Heroism.
 21104 | Shoals:1 | 21104 ||| INVOKING Heroism.
 21608 | Shoals:1 | 21608 ||| READING scroll of enchant weapon.
 21608 | Shoals:1 | 21608 ||| ENCHANTING +4 orcbow of electrocution.
 21614 | Shoals:1 | Found Beki's Overcharged Wands.
 21627 | Shoals:1 | 21627 ||| SHOPLISTING wand of digging (11) (693 gold, have
                  | 248).
 21784 | Shoals:2 | Found the +3 greatsling "Punk" {acid, rCorr}
 21784 | Shoals:2 | Found a transporter.
 21882 | Shoals:2 | 21882 ||| INVOKING Heroism.
 21925 | Shoals:2 | Found a transporter.
 21942 | Shoals:2 | 21942 ||| INVOKING Heroism.
 22531 | Shoals:2 | 22531 ||| INVOKING Heroism.
 22677 | Shoals:3 | 22677 ||| INVOKING Heroism.
 22678 | Shoals:3 | 22678 ||| STAIRDANCE
 22691 | Shoals:3 | 22691 ||| STAIRDANCE
 22693 | Shoals:2 | 22693 ||| Stepping ~*~*~tactically~*~*~ (retreating).
 22694 | Shoals:2 | 22694 ||| Stepping ~*~*~tactically~*~*~ (retreating).
 22695 | Shoals:2 | 22695 ||| Stepping ~*~*~tactically~*~*~ (retreating).
 22696 | Shoals:2 | 22696 ||| Stepping ~*~*~tactically~*~*~ (retreating).
 22697 | Shoals:2 | 22697 ||| Stepping ~*~*~tactically~*~*~ (retreating).
 22698 | Shoals:2 | 22698 ||| Stepping ~*~*~tactically~*~*~ (retreating).
 22699 | Shoals:2 | 22699 ||| Stepping ~*~*~tactically~*~*~ (retreating).
 22700 | Shoals:2 | 22700 ||| Stepping ~*~*~tactically~*~*~ (retreating).
 22701 | Shoals:2 | 22701 ||| INVOKING Finesse.
 22775 | Shoals:3 | 22775 ||| STAIRDANCE
 22777 | Shoals:2 | 22777 ||| INVOKING Heroism.
 22778 | Shoals:2 | 22778 ||| INVOKING Finesse.
 22961 | Shoals:3 | 22961 ||| STAIRDANCE
 22963 | Shoals:2 | 22963 ||| Stepping ~*~*~tactically~*~*~ (retreating).
 22964 | Shoals:2 | 22964 ||| Stepping ~*~*~tactically~*~*~ (retreating).
 22965 | Shoals:2 | 22965 ||| Stepping ~*~*~tactically~*~*~ (retreating).
 22966 | Shoals:2 | 22966 ||| Stepping ~*~*~tactically~*~*~ (retreating).
 22967 | Shoals:2 | 22967 ||| Stepping ~*~*~tactically~*~*~ (retreating).
 22968 | Shoals:2 | 22968 ||| Stepping ~*~*~tactically~*~*~ (retreating).
 22969 | Shoals:2 | 22969 ||| Stepping ~*~*~tactically~*~*~ (retreating).
 22970 | Shoals:2 | 22970 ||| Stepping ~*~*~tactically~*~*~ (retreating).
 22975 | Shoals:2 | 22975 ||| INVOKING Heroism.
 23137 | Shoals:3 | 23137 ||| INVOKING Heroism.
 23138 | Shoals:3 | 23138 ||| INVOKING Finesse.
 23145 | Shoals:3 | 23145 ||| STAIRDANCE
 23255 | Shoals:3 | 23255 ||| INVOKING Heroism.
 23256 | Shoals:3 | 23256 ||| STAIRDANCE
 23322 | Shoals:3 | 23322 ||| INVOKING Heroism.
 23324 | Shoals:3 | 23324 ||| Stepping ~*~*~tactically~*~*~ (retreating).
 23326 | Shoals:3 | 23326 ||| Stepping ~*~*~tactically~*~*~ (retreating).
 23328 | Shoals:3 | 23328 ||| Stepping ~*~*~tactically~*~*~ (retreating).
 23329 | Shoals:3 | 23329 ||| Stepping ~*~*~tactically~*~*~ (retreating).
 23330 | Shoals:3 | 23330 ||| Stepping ~*~*~tactically~*~*~ (retreating).
 23331 | Shoals:3 | 23331 ||| Stepping ~*~*~tactically~*~*~ (retreating).
 23334 | Shoals:3 | 23334 ||| Stepping ~*~*~tactically~*~*~ (retreating).
 23335 | Shoals:3 | 23335 ||| Stepping ~*~*~tactically~*~*~ (retreating).
 23349 | Shoals:3 | 23349 ||| INVOKING Heroism.
 23411 | Shoals:3 | Received a gift from Okawaru
 23412 | Shoals:3 | Reached skill level 18 in Fighting
 23418 | Shoals:3 | 23418 ||| INVOKING Heroism.
 23530 | Shoals:3 | 23530 ||| INVOKING Heroism.
 23576 | Shoals:3 | 23576 ||| INVOKING Finesse.
 23645 | Shoals:3 | Reached XP level 17. HP: 130/130 MP: 22/22
 23659 | Shoals:3 | 23659 ||| INVOKING Heroism.
 23667 | Shoals:3 | Reached skill level 9 in Armour
 23704 | Shoals:3 | 23704 ||| RETREEAATING.
 23705 | Shoals:3 | 23705 ||| STILL RETREEAATING.
 23711 | Shoals:3 | 23711 ||| INVOKING Heroism.
 23879 | Shoals:3 | 23879 ||| RETREEAATING.
 23995 | Shoals:3 | 23995 ||| INVOKING Heroism.
 24060 | Shoals:3 | Noticed Polyphemus
 24061 | Shoals:3 | 24061 ||| RETREEAATING.
 24063 | Shoals:3 | 24063 ||| FLEEEEING.
 24064 | Shoals:3 | 24064 ||| FLEEEEING.
 24065 | Shoals:3 | 24065 ||| FLEEEEING.
 24066 | Shoals:3 | 24066 ||| FLEEEEING.
 24078 | Shoals:3 | 24078 ||| FLEEEEING.
 24079 | Shoals:3 | 24079 ||| FLEEEEING.
 24080 | Shoals:3 | 24080 ||| FLEEEEING.
 24092 | Shoals:3 | 24092 ||| Stepping ~*~*~tactically~*~*~ (retreating).
 24093 | Shoals:3 | 24093 ||| RETREEAATING.
 24094 | Shoals:3 | 24094 ||| STILL RETREEAATING.
 24095 | Shoals:3 | 24095 ||| STILL RETREEAATING.
 24096 | Shoals:3 | 24096 ||| STILL RETREEAATING.
 24097 | Shoals:3 | 24097 ||| STILL RETREEAATING.
 24098 | Shoals:3 | 24098 ||| STILL RETREEAATING.
 24099 | Shoals:3 | 24099 ||| RETREEAATING.
 24100 | Shoals:3 | 24100 ||| STILL RETREEAATING.
 24101 | Shoals:3 | 24101 ||| STILL RETREEAATING.
 24102 | Shoals:3 | 24102 ||| FLEEEEING.
 24104 | Shoals:3 | 24104 ||| STILL RETREEAATING.
 24105 | Shoals:3 | 24105 ||| FLEEEEING.
 24106 | Shoals:3 | 24106 ||| FLEEEEING.
 24107 | Shoals:3 | 24107 ||| STILL RETREEAATING.
 24108 | Shoals:3 | 24108 ||| STILL RETREEAATING.
 24109 | Shoals:3 | 24109 ||| STILL RETREEAATING.
 24110 | Shoals:3 | 24110 ||| STILL RETREEAATING.
 24111 | Shoals:3 | 24111 ||| STILL RETREEAATING.
 24112 | Shoals:3 | 24112 ||| FLEEEEING.
 24119 | Shoals:3 | 24119 ||| STILL RETREEAATING.
 24120 | Shoals:3 | 24120 ||| STILL RETREEAATING.
 24121 | Shoals:3 | 24121 ||| STILL RETREEAATING.
 24122 | Shoals:3 | 24122 ||| STILL RETREEAATING.
 24123 | Shoals:3 | 24123 ||| STILL RETREEAATING.
 24124 | Shoals:3 | 24124 ||| STILL RETREEAATING.
 24150 | Shoals:3 | 24150 ||| FLEEEEING.
 24151 | Shoals:3 | 24151 ||| FLEEEEING.
 24154 | Shoals:3 | 24154 ||| FLEEEEING.
 24155 | Shoals:3 | 24155 ||| FLEEEEING.
 24156 | Shoals:3 | 24156 ||| FLEEEEING.
 24157 | Shoals:3 | 24157 ||| FLEEEEING.
 24158 | Shoals:3 | 24158 ||| FLEEEEING.
 24159 | Shoals:3 | 24159 ||| FLEEEEING.
 24160 | Shoals:3 | 24160 ||| FLEEEEING.
 24278 | Shoals:3 | 24278 ||| INVOKING Heroism.
 24285 | Shoals:3 | Killed Polyphemus
 24399 | Shoals:3 | 24399 ||| PLANNING SPIDER:1-3
 24514 | Spider:1 | Entered Level 1 of the Spider Nest
 24520 | Spider:1 | 24520 ||| STAIRDANCE
 24524 | Spider:1 | 24524 ||| STAIRDANCE
 24557 | Spider:1 | 24557 ||| STAIRDANCE
 24615 | Spider:1 | Found a runed translucent gate.
 24615 | Spider:1 | Found a runed translucent gate.
 24621 | Spider:1 | Found a runed translucent gate.
 24683 | Spider:1 | 24683 ||| RETREEAATING.
 24684 | Spider:1 | 24684 ||| INVOKING Finesse.
 24886 | Spider:1 | 24886 ||| FLEEEEING.
 24889 | Spider:1 | 24889 ||| FLEEEEING.
 24891 | Spider:1 | 24891 ||| FLEEEEING.
 24892 | Spider:1 | 24892 ||| FLEEEEING.
 24895 | Spider:1 | 24895 ||| FLEEEEING.
 24944 | Spider:1 | 24944 ||| INVOKING Finesse.
 24992 | Spider:1 | 24992 ||| INVOKING Heroism.
 25409 | Spider:1 | Noticed qw's ghost (adept GrHu)
 25525 | Spider:1 | 25525 ||| DROPPING ring of see invisible.
 25545 | Spider:2 | 25545 ||| RETREEAATING.
 25546 | Spider:2 | 25546 ||| STILL RETREEAATING.
 25547 | Spider:2 | 25547 ||| Stepping ~*~*~tactically~*~*~ (retreating).
 25548 | Spider:2 | 25548 ||| Stepping ~*~*~tactically~*~*~ (retreating).
 25558 | Spider:2 | 25558 ||| Stepping ~*~*~tactically~*~*~ (retreating).
 25562 | Spider:2 | 25562 ||| DRINKING 10 potions of curing.
 25562 | Spider:2 | 25562 ||| (to cure confusion)
 25565 | Spider:2 | 25565 ||| DRINKING 9 potions of curing.
 25565 | Spider:2 | 25565 ||| (to cure confusion)
 25567 | Spider:2 | Received a gift from Okawaru
 25622 | Spider:2 | 25622 ||| INVOKING Finesse.
 25635 | Spider:2 | 25635 ||| INVOKING Heroism.
 25682 | Spider:2 | 25682 ||| READING scroll of enchant weapon.
 25682 | Spider:2 | 25682 ||| ENCHANTING +5 orcbow of electrocution.
 25730 | Spider:2 | 25730 ||| INVOKING Finesse.
 25743 | Spider:2 | Reached skill level 15 in Dodging
 25835 | Spider:2 | 25835 ||| INVOKING Heroism.
 25952 | Spider:2 | Noticed Arachne
 25960 | Spider:2 | 25960 ||| Stepping ~*~*~tactically~*~*~ (retreating).
 25961 | Spider:2 | 25961 ||| Stepping ~*~*~tactically~*~*~ (retreating).
 25964 | Spider:2 | 25964 ||| INVOKING Heroism.
 25965 | Spider:2 | 25965 ||| Stepping ~*~*~tactically~*~*~ (retreating).
 25967 | Spider:2 | 25967 ||| Stepping ~*~*~tactically~*~*~ (retreating).
 25970 | Spider:2 | 25970 ||| Stepping ~*~*~tactically~*~*~ (retreating).
 25971 | Spider:2 | 25971 ||| Stepping ~*~*~tactically~*~*~ (retreating).
 25972 | Spider:2 | 25972 ||| Stepping ~*~*~tactically~*~*~ (retreating).
 25979 | Spider:2 | HP: 31/134 [spark wasp (4)]
 25979 | Spider:2 | HP: 14/134 [spark wasp (5)]
 25980 | Spider:2 | 25980 ||| READING 8 scrolls of teleportation.
 25980 | Spider:2 | HP: 3/134 [spark wasp (4)]
 25981 | Spider:2 | 25981 ||| DRINKING 5 potions of heal wounds.
 25982 | Spider:2 | 25982 ||| DRINKING 4 potions of heal wounds.
 25995 | Spider:2 | Killed Arachne
 26003 | Spider:2 | 26003 ||| INVOKING Heroism.
 26003 | Spider:2 | HP: 32/134 [spark wasp (5)]
 26004 | Spider:2 | 26004 ||| READING 7 scrolls of teleportation.
 26005 | Spider:2 | 26005 ||| DRINKING 3 potions of heal wounds.
 26204 | Spider:2 | 26204 ||| INVOKING Heroism.
 26360 | Spider:2 | 26360 ||| DROPPING amulet of guardian spirit.
 26380 | Spider:2 | 26380 ||| INVOKING Heroism.
 26388 | Spider:2 | 26388 ||| Stepping ~*~*~tactically~*~*~ (retreating).
 26389 | Spider:2 | 26389 ||| Stepping ~*~*~tactically~*~*~ (retreating).
 26390 | Spider:2 | 26390 ||| Stepping ~*~*~tactically~*~*~ (retreating).
 26391 | Spider:2 | 26391 ||| Stepping ~*~*~tactically~*~*~ (retreating).
 26535 | Spider:2 | 26535 ||| READING scroll of enchant weapon.
 26535 | Spider:2 | 26535 ||| ENCHANTING +6 orcbow of electrocution.
 26705 | Spider:2 | 26705 ||| DROPPING ring of magical power.
 26733 | Spider:3 | 26733 ||| INVOKING Finesse.
 26734 | Spider:3 | 26734 ||| STAIRDANCE
 26769 | Spider:3 | 26769 ||| STAIRDANCE
 26899 | Spider:3 | 26899 ||| INVOKING Finesse.
 26901 | Spider:3 | 26901 ||| Stepping ~*~*~tactically~*~*~ (retreating).
 27333 | Spider:3 | Noticed Mlioglotl
 27334 | Spider:3 | 27334 ||| INVOKING Heroism.
 27342 | Spider:3 | 27342 ||| Stepping ~*~*~tactically~*~*~ (retreating).
 27343 | Spider:3 | 27343 ||| RETREEAATING.
 27345 | Spider:3 | Killed Mlioglotl
 27346 | Spider:3 | Reached XP level 18. HP: 130/140 MP: 21/22
 27797 | Spider:3 | 27797 ||| Stepping ~*~*~tactically~*~*~ (retreating).
 28405 | Spider:3 | 28405 ||| PLANNING SHOALS:4
 28557 | Shoals:4 | Entered Level 4 of the Shoals
 28618 | Shoals:4 | 28618 ||| INVOKING Heroism.
 28628 | Shoals:4 | 28628 ||| INVOKING Finesse.
 28707 | Shoals:4 | 28707 ||| FLEEEEING.
 28709 | Shoals:4 | 28709 ||| FLEEEEING.
 28710 | Shoals:4 | 28710 ||| FLEEEEING.
 28777 | Shoals:4 | 28777 ||| INVOKING Heroism.
 28814 | Shoals:4 | 28814 ||| INVOKING Finesse.
 28881 | Shoals:4 | 28881 ||| INVOKING Heroism.
 28908 | Shoals:4 | 28908 ||| INVOKING Finesse.
 29115 | Shoals:4 | 29115 ||| FLEEEEING.
 29239 | Shoals:4 | Found Pievoer's Assorted Antiques.
 29249 | Shoals:4 | 29249 ||| BUYING scroll of enchant weapon (247 gold).
 29249 | Shoals:4 | Bought a scroll of enchant weapon for 247 gold pieces
 29249 | Shoals:4 | 29249 ||| BUYING scroll of enchant weapon (247 gold).
 29249 | Shoals:4 | Bought a scroll of enchant weapon for 247 gold pieces
 29249 | Shoals:4 | 29249 ||| READING 2 scrolls of enchant weapon.
 29249 | Shoals:4 | 29249 ||| ENCHANTING +7 orcbow of electrocution.
 29250 | Shoals:4 | 29250 ||| READING scroll of enchant weapon.
 29250 | Shoals:4 | 29250 ||| ENCHANTING +8 orcbow of electrocution.
 29390 | Shoals:4 | 29390 ||| INVOKING Heroism.
 29391 | Shoals:4 | 29391 ||| RETREEAATING.
 29392 | Shoals:4 | 29392 ||| INVOKING Finesse.
 29413 | Shoals:4 | 29413 ||| Stepping ~*~*~tactically~*~*~ (retreating).
 29414 | Shoals:4 | 29414 ||| RETREEAATING.
 29445 | Shoals:4 | Received a gift from Okawaru
 29575 | Shoals:4 | Got a barnacled rune of Zot
 29681 | Shoals:4 | 29681 ||| INVOKING Heroism.
 29810 | Shoals:4 | Identified the +4 scale mail of Fortitude {Str+3}
 29811 | Shoals:4 | 29811 ||| INVOKING Heroism.
 29984 | Shoals:4 | 29984 ||| INVOKING Heroism.
 30013 | Shoals:4 | Identified the +7 chain mail of Dishonesty {Int-4 Dex+4}
 30014 | Shoals:4 | 30014 ||| SWAPPING to +0 longbow.
 30015 | Shoals:4 | 30015 ||| DROPPING +9 orcbow of electrocution.
 30016 | Shoals:4 | 30016 ||| PLANNING VAULTS:1-4
 30016 | Shoals:4 | 30016 ||| UPGRADING to +0 cloak of willpower.
 30289 | Vaults:1 | Entered Level 1 of the Vaults
 30296 | Vaults:1 | 30296 ||| RETREEAATING.
 30336 | Vaults:1 | 30336 ||| INVOKING Heroism.
 30548 | Vaults:1 | 30548 ||| Stepping ~*~*~tactically~*~*~ (retreating).
 30549 | Vaults:1 | 30549 ||| Stepping ~*~*~tactically~*~*~ (retreating).
 30550 | Vaults:1 | 30550 ||| Stepping ~*~*~tactically~*~*~ (retreating).
 30551 | Vaults:1 | 30551 ||| Stepping ~*~*~tactically~*~*~ (retreating).
 30552 | Vaults:1 | 30552 ||| Stepping ~*~*~tactically~*~*~ (retreating).
 30553 | Vaults:1 | 30553 ||| Stepping ~*~*~tactically~*~*~ (retreating).
 30554 | Vaults:1 | 30554 ||| Stepping ~*~*~tactically~*~*~ (retreating).
 30565 | Vaults:1 | Received a gift from Okawaru
 30601 | Vaults:1 | 30601 ||| FLEEEEING.
 30602 | Vaults:1 | 30602 ||| FLEEEEING.
 30603 | Vaults:1 | 30603 ||| FLEEEEING.
 30604 | Vaults:1 | 30604 ||| FLEEEEING.
 30605 | Vaults:1 | 30605 ||| FLEEEEING.
 30606 | Vaults:1 | 30606 ||| FLEEEEING.
 30610 | Vaults:1 | 30610 ||| FLEEEEING.
 30611 | Vaults:1 | 30611 ||| FLEEEEING.
 30612 | Vaults:1 | 30612 ||| FLEEEEING.
 30613 | Vaults:1 | 30613 ||| FLEEEEING.
 30614 | Vaults:1 | 30614 ||| FLEEEEING.
 30615 | Vaults:1 | 30615 ||| FLEEEEING.
 30619 | Vaults:1 | 30619 ||| RETREEAATING.
 30620 | Vaults:1 | 30620 ||| STILL RETREEAATING.
 30622 | Vaults:1 | 30622 ||| RETREEAATING.
 30624 | Vaults:1 | 30624 ||| Stepping ~*~*~tactically~*~*~ (retreating).
 30632 | Vaults:1 | 30632 ||| Stepping ~*~*~tactically~*~*~ (retreating).
 30641 | Vaults:1 | 30641 ||| INVOKING Finesse.
 30642 | Vaults:1 | 30642 ||| Stepping ~*~*~tactically~*~*~ (retreating).
 30644 | Vaults:1 | 30644 ||| Stepping ~*~*~tactically~*~*~ (retreating).
 30645 | Vaults:1 | 30645 ||| Stepping ~*~*~tactically~*~*~ (retreating).
 30646 | Vaults:1 | 30646 ||| Stepping ~*~*~tactically~*~*~ (retreating).
 30654 | Vaults:1 | 30654 ||| INVOKING Heroism.
 30665 | Vaults:1 | Reached skill level 17 in Ranged Weapons
 30694 | Vaults:1 | 30694 ||| READING 7 scrolls of teleportation.
 30694 | Vaults:1 | HP: 31/141 [deep troll[an ironbound preserver] (14)]
 30695 | Vaults:1 | 30695 ||| DRINKING 4 potions of heal wounds.
 30698 | Vaults:1 | 30698 ||| DRINKING 3 potions of heal wounds.
 30974 | Vaults:1 | 30974 ||| Stepping ~*~*~tactically~*~*~ (retreating).
 30976 | Vaults:1 | 30976 ||| Stepping ~*~*~tactically~*~*~ (retreating).
 30984 | Vaults:1 | Reached XP level 19. HP: 107/148 MP: 23/23
 30987 | Vaults:1 | 30987 ||| INVOKING Heroism.
 31006 | Vaults:1 | HP: 31/148 [lindwurm/blast of flame (19)]
 31007 | Vaults:1 | 31007 ||| READING 6 scrolls of teleportation.
 31008 | Vaults:1 | 31008 ||| DRINKING 2 potions of heal wounds.
 31028 | Vaults:1 | 31028 ||| FLEEEEING.
 31029 | Vaults:1 | 31029 ||| FLEEEEING.
 31030 | Vaults:1 | 31030 ||| FLEEEEING.
 31031 | Vaults:1 | 31031 ||| FLEEEEING.
 31032 | Vaults:1 | 31032 ||| FLEEEEING.
 31033 | Vaults:1 | 31033 ||| FLEEEEING.
 31034 | Vaults:1 | 31034 ||| FLEEEEING.
 31035 | Vaults:1 | 31035 ||| FLEEEEING.
 31037 | Vaults:1 | 31037 ||| FLEEEEING.
 31038 | Vaults:1 | 31038 ||| FLEEEEING.
 31043 | Vaults:1 | 31043 ||| STAIRDANCE
 31230 | D:14     | 31230 ||| DROPPING +1 ring mail of fire resistance.
 31447 | Vaults:1 | 31447 ||| RETREEAATING.
 31460 | Vaults:1 | 31460 ||| INVOKING Heroism.
 31477 | Vaults:1 | HP: 32/148 [ironbound thunderhulk/+0 great mace (24)]
 31478 | Vaults:1 | 31478 ||| READING 5 scrolls of teleportation.
 31479 | Vaults:1 | 31479 ||| DRINKING potion of heal wounds.
 31810 | Vaults:1 | 31810 ||| INVOKING Heroism.
 31859 | Vaults:1 | Noticed an ancient lich
 31860 | Vaults:1 | 31860 ||| RETREEAATING.
 31861 | Vaults:1 | 31861 ||| STILL RETREEAATING.
 31862 | Vaults:1 | 31862 ||| STILL RETREEAATING.
 31863 | Vaults:1 | 31863 ||| STILL RETREEAATING.
 31864 | Vaults:1 | 31864 ||| STILL RETREEAATING.
 31865 | Vaults:1 | 31865 ||| STILL RETREEAATING.
 31875 | Vaults:1 | 31875 ||| INVOKING Heroism.
 31880 | Vaults:1 | Reached skill level 18 in Ranged Weapons
 31899 | Vaults:1 | Killed an ancient lich
 31907 | Vaults:1 | 31907 ||| FLEEEEING.
 31908 | Vaults:1 | 31908 ||| FLEEEEING.
 31909 | Vaults:1 | 31909 ||| FLEEEEING.
 31910 | Vaults:1 | 31910 ||| FLEEEEING.
 31911 | Vaults:1 | 31911 ||| FLEEEEING.
 31913 | Vaults:1 | 31913 ||| FLEEEEING.
 31917 | Vaults:1 | 31917 ||| FLEEEEING.
 31918 | Vaults:1 | 31918 ||| INVOKING Heroism.
 32057 | Vaults:1 | Found Taapecziuce's Weapon Shop.
 32068 | Vaults:1 | 32068 ||| SHOPLISTING +9 longbow of Raykhlimp {heavy, rElec
                  | Dex+2} (1498 gold, have 185).
 32080 | Vaults:1 | Found Lotsuag's Armour Boutique.
 32081 | Vaults:1 | 32081 ||| FLEEEEING.
 32084 | Vaults:1 | 32084 ||| FLEEEEING.
 32085 | Vaults:1 | 32085 ||| FLEEEEING.
 32086 | Vaults:1 | 32086 ||| FLEEEEING.
 32087 | Vaults:1 | 32087 ||| FLEEEEING.
 32088 | Vaults:1 | 32088 ||| FLEEEEING.
 32098 | Vaults:1 | 32098 ||| Stepping ~*~*~tactically~*~*~ (retreating).
 32108 | Vaults:1 | 32108 ||| INVOKING Heroism.
 32142 | Vaults:1 | 32142 ||| INVOKING Heroism.
 32150 | Vaults:1 | Received a gift from Okawaru
 32155 | Vaults:1 | HP: 37/148 [yaktaur/bolt[a yaktaur captain] (5)]
 32156 | Vaults:1 | 32156 ||| READING 4 scrolls of teleportation.
 32442 | Vaults:1 | 32442 ||| SWAPPING to +2 hand cannon of draining.
 32443 | Vaults:1 | 32443 ||| DROPPING +0 longbow.
 32703 | Vaults:1 | 32703 ||| SHOPLISTING +0 robe of Naomiuk {Harm rPois rC+
                  | SInv} (485 gold, have 226).
 32703 | Vaults:1 | 32703 ||| SHOPLISTING +3 ring mail of cold resistance (546
                  | gold, have 226).
 32904 | Vaults:2 | 32904 ||| RETREEAATING.
 32905 | Vaults:2 | 32905 ||| INVOKING Heroism.
 32906 | Vaults:2 | 32906 ||| INVOKING Finesse.
 33052 | Vaults:2 | Reached skill level 19 in Ranged Weapons
 33054 | Vaults:2 | 33054 ||| RETREEAATING.
 33055 | Vaults:2 | 33055 ||| STILL RETREEAATING.
 33056 | Vaults:2 | 33056 ||| STILL RETREEAATING.
 33057 | Vaults:2 | 33057 ||| STILL RETREEAATING.
 33363 | Vaults:2 | Noticed Frederick
 33364 | Vaults:2 | 33364 ||| INVOKING Heroism.
 33370 | Vaults:2 | Killed Frederick
 33388 | Vaults:2 | Noticed Sojobo
 33405 | Vaults:2 | 33405 ||| INVOKING Heroism.
 33412 | Vaults:2 | Paralysed by an air elemental for 1 turns
 33417 | Vaults:2 | 33417 ||| Stepping ~*~*~tactically~*~*~ (retreating).
 33418 | Vaults:2 | 33418 ||| Stepping ~*~*~tactically~*~*~ (retreating).
 33419 | Vaults:2 | 33419 ||| Stepping ~*~*~tactically~*~*~ (retreating).
 33419 | Vaults:2 | Paralysed by an air elemental for 1 turns
 33420 | Vaults:2 | 33420 ||| Stepping ~*~*~tactically~*~*~ (retreating).
 33421 | Vaults:2 | 33421 ||| Stepping ~*~*~tactically~*~*~ (retreating).
 33424 | Vaults:2 | Paralysed by an air elemental for 1 turns
 33428 | Vaults:2 | Paralysed by an air elemental for 1 turns
 33432 | Vaults:2 | HP: 36/148 [Sojobo/the air (7)]
 33433 | Vaults:2 | 33433 ||| READING 5 scrolls of teleportation.
 34160 | Vaults:2 | 34160 ||| INVOKING Heroism.
 34219 | Vaults:3 | Noticed Margery
 34220 | Vaults:3 | 34220 ||| STAIRDANCE
 34234 | Vaults:3 | 34234 ||| STAIRDANCE
 34248 | Vaults:3 | 34248 ||| DRINKING potion of resistance.
 34249 | Vaults:3 | 34249 ||| INVOKING Heroism.
 34250 | Vaults:3 | 34250 ||| STAIRDANCE
 34393 | Vaults:3 | 34393 ||| INVOKING Heroism.
 34394 | Vaults:3 | 34394 ||| STAIRDANCE
 34421 | Vaults:3 | 34421 ||| INVOKING Finesse.
 34422 | Vaults:3 | 34422 ||| STAIRDANCE
 34466 | Vaults:3 | 34466 ||| INVOKING Heroism.
 34467 | Vaults:3 | 34467 ||| STAIRDANCE
 34524 | Vaults:3 | 34524 ||| INVOKING Heroism.
 34525 | Vaults:3 | 34525 ||| STAIRDANCE
 34569 | Vaults:3 | 34569 ||| INVOKING Heroism.
 34570 | Vaults:3 | 34570 ||| STAIRDANCE
 34583 | Vaults:3 | 34583 ||| STAIRDANCE
 34588 | Vaults:2 | Killed Margery
 34772 | Vaults:3 | 34772 ||| RETREEAATING.
 34778 | Vaults:3 | Reached skill level 20 in Ranged Weapons
 34803 | Vaults:3 | 34803 ||| INVOKING Heroism.
 34966 | Vaults:3 | 34966 ||| RETREEAATING.
 35061 | Vaults:3 | Reached XP level 20. HP: 154/154 MP: 24/24
 35063 | Vaults:3 | 35063 ||| RETREEAATING.
 35064 | Vaults:3 | 35064 ||| STILL RETREEAATING.
 35097 | Vaults:3 | 35097 ||| RETREEAATING.
 35099 | Vaults:3 | 35099 ||| Stepping ~*~*~tactically~*~*~ (retreating).
 35100 | Vaults:3 | 35100 ||| Stepping ~*~*~tactically~*~*~ (retreating).
 35272 | Vaults:3 | 35272 ||| Stepping ~*~*~tactically~*~*~ (retreating).
 35273 | Vaults:3 | 35273 ||| Stepping ~*~*~tactically~*~*~ (retreating).
 35274 | Vaults:3 | 35274 ||| Stepping ~*~*~tactically~*~*~ (retreating).
 35275 | Vaults:3 | 35275 ||| Stepping ~*~*~tactically~*~*~ (retreating).
 35276 | Vaults:3 | 35276 ||| Stepping ~*~*~tactically~*~*~ (retreating).
 35277 | Vaults:3 | 35277 ||| Stepping ~*~*~tactically~*~*~ (retreating).
 35280 | Vaults:3 | Received a gift from Okawaru
 35284 | Vaults:3 | 35284 ||| INVOKING Heroism.
 35300 | Vaults:3 | 35300 ||| FLEEEEING.
 35301 | Vaults:3 | 35301 ||| FLEEEEING.
 35302 | Vaults:3 | 35302 ||| FLEEEEING.
 35303 | Vaults:3 | 35303 ||| INVOKING Heroism.
 35306 | Vaults:3 | 35306 ||| Stepping ~*~*~tactically~*~*~ (retreating).
 35307 | Vaults:3 | 35307 ||| Stepping ~*~*~tactically~*~*~ (retreating).
 35309 | Vaults:3 | 35309 ||| RETREEAATING.
 35310 | Vaults:3 | 35310 ||| Stepping ~*~*~tactically~*~*~ (retreating).
 35311 | Vaults:3 | 35311 ||| STILL RETREEAATING.
 35312 | Vaults:3 | 35312 ||| Stepping ~*~*~tactically~*~*~ (retreating).
 35419 | Vaults:3 | 35419 ||| INVOKING Heroism.
 35557 | Vaults:3 | Reached skill level 21 in Ranged Weapons
 35687 | Vaults:3 | 35687 ||| FLEEEEING.
 35688 | Vaults:3 | 35688 ||| FLEEEEING.
 35689 | Vaults:3 | 35689 ||| FLEEEEING.
 35690 | Vaults:3 | 35690 ||| FLEEEEING.
 35874 | Vaults:3 | Found a staircase to the Crypt.
 35916 | Vaults:3 | 35916 ||| FLEEEEING.
 35919 | Vaults:3 | 35919 ||| FLEEEEING.
 35920 | Vaults:3 | 35920 ||| FLEEEEING.
 35921 | Vaults:3 | 35921 ||| FLEEEEING.
 35922 | Vaults:3 | 35922 ||| FLEEEEING.
 35923 | Vaults:3 | 35923 ||| RETREEAATING.
 35924 | Vaults:3 | 35924 ||| STILL RETREEAATING.
 35925 | Vaults:3 | 35925 ||| STILL RETREEAATING.
 35928 | Vaults:3 | 35928 ||| FLEEEEING.
 35929 | Vaults:3 | 35929 ||| FLEEEEING.
 35930 | Vaults:3 | 35930 ||| FLEEEEING.
 35931 | Vaults:3 | 35931 ||| FLEEEEING.
 35932 | Vaults:3 | 35932 ||| FLEEEEING.
 35934 | Vaults:3 | 35934 ||| FLEEEEING.
 35935 | Vaults:3 | 35935 ||| FLEEEEING.
 35936 | Vaults:3 | 35936 ||| FLEEEEING.
 35937 | Vaults:3 | 35937 ||| FLEEEEING.
 35938 | Vaults:3 | 35938 ||| FLEEEEING.
 35939 | Vaults:3 | 35939 ||| FLEEEEING.
 35940 | Vaults:3 | 35940 ||| FLEEEEING.
 35941 | Vaults:3 | 35941 ||| FLEEEEING.
 35942 | Vaults:3 | 35942 ||| FLEEEEING.
 35943 | Vaults:3 | 35943 ||| FLEEEEING.
 35944 | Vaults:3 | 35944 ||| FLEEEEING.
 35945 | Vaults:3 | 35945 ||| FLEEEEING.
 35946 | Vaults:3 | 35946 ||| FLEEEEING.
 35947 | Vaults:3 | 35947 ||| FLEEEEING.
 35948 | Vaults:3 | 35948 ||| FLEEEEING.
 35949 | Vaults:3 | 35949 ||| FLEEEEING.
 35950 | Vaults:3 | 35950 ||| FLEEEEING.
 36184 | Vaults:3 | 36184 ||| Stepping ~*~*~tactically~*~*~ (retreating).
 36185 | Vaults:3 | 36185 ||| Stepping ~*~*~tactically~*~*~ (retreating).
 36186 | Vaults:3 | 36186 ||| Stepping ~*~*~tactically~*~*~ (retreating).
 36189 | Vaults:3 | 36189 ||| Stepping ~*~*~tactically~*~*~ (retreating).
 36190 | Vaults:3 | 36190 ||| Stepping ~*~*~tactically~*~*~ (retreating).
 36191 | Vaults:3 | 36191 ||| Stepping ~*~*~tactically~*~*~ (retreating).
 36192 | Vaults:3 | 36192 ||| RETREEAATING.
 36196 | Vaults:3 | 36196 ||| Stepping ~*~*~tactically~*~*~ (retreating).
 36197 | Vaults:3 | 36197 ||| Stepping ~*~*~tactically~*~*~ (retreating).
 36202 | Vaults:3 | Received a gift from Okawaru
 36214 | Vaults:3 | 36214 ||| Stepping ~*~*~tactically~*~*~ (retreating).
 36215 | Vaults:3 | 36215 ||| STILL RETREEAATING.
 36216 | Vaults:3 | 36216 ||| STILL RETREEAATING.
 36217 | Vaults:3 | 36217 ||| STILL RETREEAATING.
 36218 | Vaults:3 | 36218 ||| STILL RETREEAATING.
 36219 | Vaults:3 | 36219 ||| STILL RETREEAATING.
 36220 | Vaults:3 | 36220 ||| Stepping ~*~*~tactically~*~*~ (retreating).
 36221 | Vaults:3 | 36221 ||| Stepping ~*~*~tactically~*~*~ (retreating).
 36222 | Vaults:3 | 36222 ||| Stepping ~*~*~tactically~*~*~ (retreating).
 36223 | Vaults:3 | 36223 ||| Stepping ~*~*~tactically~*~*~ (retreating).
 36224 | Vaults:3 | 36224 ||| Stepping ~*~*~tactically~*~*~ (retreating).
 36225 | Vaults:3 | 36225 ||| Stepping ~*~*~tactically~*~*~ (retreating).
 36226 | Vaults:3 | 36226 ||| Stepping ~*~*~tactically~*~*~ (retreating).
 36227 | Vaults:3 | 36227 ||| Stepping ~*~*~tactically~*~*~ (retreating).
 36228 | Vaults:3 | 36228 ||| STILL RETREEAATING.
 36229 | Vaults:3 | 36229 ||| STILL RETREEAATING.
 36229 | Vaults:3 | HP: 37/154 [centaur warrior/arrow (13)]
 36230 | Vaults:3 | 36230 ||| READING 4 scrolls of teleportation.
 36231 | Vaults:3 | 36231 ||| STILL RETREEAATING.
 36232 | Vaults:3 | 36232 ||| STILL RETREEAATING.
 36232 | Vaults:3 | HP: 11/154 [centaur warrior/arrow (22)]
 36233 | Vaults:3 | 36233 ||| STILL RETREEAATING.
 36234 | Vaults:3 | 36234 ||| STILL RETREEAATING.
 36759 | Vaults:3 | 36759 ||| DROPPING ring of wizardry.
 36927 | Vaults:4 | 36927 ||| RETREEAATING.
 36930 | Vaults:4 | 36930 ||| STILL RETREEAATING.
 36932 | Vaults:4 | 36932 ||| STILL RETREEAATING.
 36933 | Vaults:4 | 36933 ||| STILL RETREEAATING.
 36934 | Vaults:4 | 36934 ||| STILL RETREEAATING.
 36935 | Vaults:4 | 36935 ||| STILL RETREEAATING.
 36936 | Vaults:4 | 36936 ||| STILL RETREEAATING.
 36938 | Vaults:4 | 36938 ||| STILL RETREEAATING.
 36939 | Vaults:4 | 36939 ||| STILL RETREEAATING.
 36940 | Vaults:4 | 36940 ||| STILL RETREEAATING.
 36941 | Vaults:4 | 36941 ||| STILL RETREEAATING.
 36942 | Vaults:4 | 36942 ||| STILL RETREEAATING.
 36943 | Vaults:4 | 36943 ||| STILL RETREEAATING.
 36951 | Vaults:4 | 36951 ||| Stepping ~*~*~tactically~*~*~ (retreating).
 36952 | Vaults:4 | 36952 ||| STILL RETREEAATING.
 36953 | Vaults:4 | 36953 ||| STILL RETREEAATING.
 36954 | Vaults:4 | 36954 ||| STILL RETREEAATING.
 36955 | Vaults:4 | 36955 ||| STILL RETREEAATING.
 36956 | Vaults:4 | 36956 ||| STILL RETREEAATING.
 36957 | Vaults:4 | 36957 ||| STILL RETREEAATING.
 36958 | Vaults:4 | 36958 ||| STILL RETREEAATING.
 36959 | Vaults:4 | 36959 ||| STILL RETREEAATING.
 37124 | Vaults:4 | 37124 ||| RETREEAATING.
 37125 | Vaults:4 | 37125 ||| STILL RETREEAATING.
 37126 | Vaults:4 | 37126 ||| STILL RETREEAATING.
 37128 | Vaults:4 | Reached skill level 22 in Ranged Weapons
 37129 | Vaults:4 | 37129 ||| STILL RETREEAATING.
 37130 | Vaults:4 | 37130 ||| STILL RETREEAATING.
 37131 | Vaults:4 | 37131 ||| STILL RETREEAATING.
 37132 | Vaults:4 | 37132 ||| STILL RETREEAATING.
 37133 | Vaults:4 | 37133 ||| STILL RETREEAATING.
 37134 | Vaults:4 | 37134 ||| STILL RETREEAATING.
 37135 | Vaults:4 | 37135 ||| STILL RETREEAATING.
 37136 | Vaults:4 | 37136 ||| STILL RETREEAATING.
 37138 | Vaults:4 | 37138 ||| RETREEAATING.
 37263 | Vaults:4 | 37263 ||| READING scroll of enchant armour.
 37263 | Vaults:4 | 37263 ||| ENCHANTING +1 pair of gloves of dexterity.
 37494 | Vaults:4 | 37494 ||| RETREEAATING.
 37497 | Vaults:4 | 37497 ||| Stepping ~*~*~tactically~*~*~ (retreating).
 37498 | Vaults:4 | 37498 ||| Stepping ~*~*~tactically~*~*~ (retreating).
 37499 | Vaults:4 | 37499 ||| Stepping ~*~*~tactically~*~*~ (retreating).
 37500 | Vaults:4 | 37500 ||| Stepping ~*~*~tactically~*~*~ (retreating).
 37502 | Vaults:4 | 37502 ||| Stepping ~*~*~tactically~*~*~ (retreating).
 37504 | Vaults:4 | 37504 ||| Stepping ~*~*~tactically~*~*~ (retreating).
 37505 | Vaults:4 | 37505 ||| Stepping ~*~*~tactically~*~*~ (retreating).
 37777 | Vaults:4 | Received a gift from Okawaru
 37778 | Vaults:4 | 37778 ||| RETREEAATING.
 37779 | Vaults:4 | 37779 ||| STILL RETREEAATING.
 37780 | Vaults:4 | 37780 ||| STILL RETREEAATING.
 37781 | Vaults:4 | 37781 ||| STILL RETREEAATING.
 37785 | Vaults:4 | 37785 ||| Stepping ~*~*~tactically~*~*~ (retreating).
 37786 | Vaults:4 | 37786 ||| Stepping ~*~*~tactically~*~*~ (retreating).
 37787 | Vaults:4 | 37787 ||| STILL RETREEAATING.
 37788 | Vaults:4 | 37788 ||| STILL RETREEAATING.
 37789 | Vaults:4 | 37789 ||| STILL RETREEAATING.
 37918 | Vaults:4 | 37918 ||| RETREEAATING.
 37919 | Vaults:4 | 37919 ||| STILL RETREEAATING.
 37920 | Vaults:4 | 37920 ||| STILL RETREEAATING.
 37921 | Vaults:4 | 37921 ||| STILL RETREEAATING.
 37922 | Vaults:4 | 37922 ||| STILL RETREEAATING.
 37923 | Vaults:4 | 37923 ||| STILL RETREEAATING.
 37924 | Vaults:4 | 37924 ||| STILL RETREEAATING.
 37925 | Vaults:4 | 37925 ||| STILL RETREEAATING.
 37926 | Vaults:4 | 37926 ||| STILL RETREEAATING.
 37927 | Vaults:4 | 37927 ||| STILL RETREEAATING.
 37928 | Vaults:4 | 37928 ||| STILL RETREEAATING.
 37929 | Vaults:4 | 37929 ||| STILL RETREEAATING.
 37930 | Vaults:4 | 37930 ||| STILL RETREEAATING.
 37931 | Vaults:4 | 37931 ||| STILL RETREEAATING.
 37932 | Vaults:4 | 37932 ||| STILL RETREEAATING.
 37933 | Vaults:4 | 37933 ||| STILL RETREEAATING.
 37934 | Vaults:4 | 37934 ||| STILL RETREEAATING.
 37936 | Vaults:4 | 37936 ||| STILL RETREEAATING.
 37937 | Vaults:4 | 37937 ||| STILL RETREEAATING.
 37938 | Vaults:4 | 37938 ||| STILL RETREEAATING.
 37939 | Vaults:4 | 37939 ||| STILL RETREEAATING.
 37940 | Vaults:4 | 37940 ||| STILL RETREEAATING.
 37942 | Vaults:4 | 37942 ||| Stepping ~*~*~tactically~*~*~ (retreating).
 37950 | Vaults:4 | 37950 ||| Stepping ~*~*~tactically~*~*~ (retreating).
 37951 | Vaults:4 | 37951 ||| Stepping ~*~*~tactically~*~*~ (retreating).
 38175 | Vaults:4 | 38175 ||| INVOKING Finesse.
 38336 | Vaults:4 | 38336 ||| PLANNING SPIDER:4
 38683 | Spider:4 | Entered Level 4 of the Spider Nest
 38686 | Spider:4 | 38686 ||| STAIRDANCE
 38689 | Spider:3 | 38689 ||| DRINKING 14 potions of curing.
 38689 | Spider:3 | 38689 ||| (to cure confusion)
 38697 | Spider:4 | 38697 ||| STAIRDANCE
 38699 | Spider:3 | 38699 ||| DRINKING 13 potions of curing.
 38699 | Spider:3 | 38699 ||| (to cure confusion)
 38710 | Spider:3 | 38710 ||| Stepping ~*~*~tactically~*~*~ (retreating).
 38716 | Spider:3 | 38716 ||| INVOKING Heroism.
 38834 | Spider:4 | 38834 ||| STAIRDANCE
 38837 | Spider:3 | Received a gift from Okawaru
 38843 | Spider:3 | 38843 ||| DRINKING 12 potions of curing.
 38843 | Spider:3 | 38843 ||| (to cure confusion)
 38845 | Spider:3 | 38845 ||| DRINKING 11 potions of curing.
 38845 | Spider:3 | 38845 ||| (to cure confusion)
 38846 | Spider:3 | 38846 ||| DRINKING 10 potions of curing.
 38846 | Spider:3 | 38846 ||| (to cure confusion)
 38856 | Spider:3 | Reached skill level 21 in Fighting
 38925 | Spider:4 | 38925 ||| STAIRDANCE
 39138 | Spider:4 | 39138 ||| STAIRDANCE
 39248 | Spider:4 | 39248 ||| STAIRDANCE
 39365 | Spider:4 | 39365 ||| STAIRDANCE
 39444 | Spider:4 | 39444 ||| STAIRDANCE
 39495 | Spider:4 | Identified the +1 robe "Fodiecs" {*Slow rPois Int+3}
 39519 | Spider:4 | Identified the +1 ring mail "Ryneiro" {+Inv rF++ rC+}
 39538 | Spider:4 | Noticed Roxanne
 39548 | Spider:4 | Killed Roxanne
 39652 | Spider:4 | 39652 ||| Stepping ~*~*~tactically~*~*~ (retreating).
 39653 | Spider:4 | 39653 ||| Stepping ~*~*~tactically~*~*~ (retreating).
 39654 | Spider:4 | 39654 ||| Stepping ~*~*~tactically~*~*~ (retreating).
 39655 | Spider:4 | 39655 ||| Stepping ~*~*~tactically~*~*~ (retreating).
 39656 | Spider:4 | 39656 ||| Stepping ~*~*~tactically~*~*~ (retreating).
 39657 | Spider:4 | 39657 ||| Stepping ~*~*~tactically~*~*~ (retreating).
 39658 | Spider:4 | 39658 ||| Stepping ~*~*~tactically~*~*~ (retreating).
 39682 | Spider:4 | 39682 ||| READING scroll of enchant weapon.
 39682 | Spider:4 | 39682 ||| ENCHANTING +2 hand cannon of draining.
 39683 | Spider:4 | 39683 ||| DROPPING +0 hand cannon of freezing.
 39702 | Spider:4 | Reached XP level 21. HP: 162/162 MP: 25/25
 39862 | Spider:4 | 39862 ||| Stepping ~*~*~tactically~*~*~ (retreating).
 39863 | Spider:4 | 39863 ||| Stepping ~*~*~tactically~*~*~ (retreating).
 39866 | Spider:4 | 39866 ||| RETREEAATING.
 39867 | Spider:4 | 39867 ||| Stepping ~*~*~tactically~*~*~ (retreating).
 39870 | Spider:4 | 39870 ||| STILL RETREEAATING.
 39871 | Spider:4 | 39871 ||| Stepping ~*~*~tactically~*~*~ (retreating).
 39886 | Spider:4 | Received a gift from Okawaru
 39889 | Spider:4 | 39889 ||| INVOKING Heroism.
 40004 | Spider:4 | 40004 ||| Stepping randomly (disturbance).
 40134 | Spider:4 | Got a gossamer rune of Zot
 40289 | Spider:4 | 40289 ||| PLANNING DEPTHS
 40289 | Spider:4 | 40289 ||| DROPPING scarf of invisibility.
 40290 | Spider:4 | 40290 ||| DROPPING +1 robe "Fodiecs" {*Slow rPois Int+3}.
 40291 | Spider:4 | 40291 ||| UPGRADING to +1 ring mail "Ryneiro" {+Inv rF++
                  | rC+}.
 40301 | Spider:4 | 40301 ||| DROPPING scarf of harm.
 40544 | Depths:1 | Entered Level 1 of the Depths
 40547 | Depths:1 | 40547 ||| RETREEAATING.
 40548 | Depths:1 | 40548 ||| STILL RETREEAATING.
 40549 | Depths:1 | 40549 ||| INVOKING Finesse.
 40554 | Depths:1 | 40554 ||| Stepping ~*~*~tactically~*~*~ (retreating).
 40555 | Depths:1 | 40555 ||| Stepping ~*~*~tactically~*~*~ (retreating).
 40556 | Depths:1 | 40556 ||| Stepping ~*~*~tactically~*~*~ (retreating).
 40557 | Depths:1 | 40557 ||| Stepping ~*~*~tactically~*~*~ (retreating).
 40562 | Depths:1 | 40562 ||| Stepping ~*~*~tactically~*~*~ (retreating).
 40573 | Depths:1 | 40573 ||| INVOKING Heroism.
 40629 | Depths:1 | 40629 ||| FLEEEEING.
 40630 | Depths:1 | 40630 ||| FLEEEEING.
 40631 | Depths:1 | 40631 ||| FLEEEEING.
 40632 | Depths:1 | 40632 ||| STAIRDANCE
 40765 | Depths:1 | Found Gugu's Book Boutique.
 40765 | Depths:1 | Found Loufebbu's Jewellery Shoppe.
 40767 | Depths:1 | Found Apros's Book Boutique.
 40775 | Depths:1 | 40775 ||| SHOPLISTING ring "Hehonaiwn" {rElec rF+++ Str+3
                  | Int-4 Dex+6} (1409 gold, have 756).
 40786 | Depths:1 | Found a one-way gateway to a ziggurat.
 40805 | Depths:1 | 40805 ||| INVOKING Heroism.
 40912 | Depths:1 | 40912 ||| INVOKING Heroism.
 40939 | Depths:1 | Found a gateway to Hell.
 41009 | Depths:1 | Found a one-way gate to the infinite horrors of the Abyss.
 41014 | Depths:1 | Noticed Louise
 41018 | Depths:1 | Killed Louise
 41128 | Depths:1 | Found a shadowy altar of Dithmenos.
 41341 | Depths:2 | 41341 ||| RETREEAATING.
 41342 | Depths:2 | 41342 ||| STILL RETREEAATING.
 41343 | Depths:2 | 41343 ||| Stepping ~*~*~tactically~*~*~ (retreating).
 41344 | Depths:2 | 41344 ||| Stepping ~*~*~tactically~*~*~ (retreating).
 41348 | Depths:2 | 41348 ||| Stepping ~*~*~tactically~*~*~ (retreating).
 41350 | Depths:2 | 41350 ||| INVOKING Heroism.
 41351 | Depths:2 | 41351 ||| Stepping ~*~*~tactically~*~*~ (retreating).
 41352 | Depths:2 | 41352 ||| Stepping ~*~*~tactically~*~*~ (retreating).
 41373 | Depths:2 | HP: 28/162 [tengu reaver/+0 long sword (20)]
 41374 | Depths:2 | 41374 ||| READING 4 scrolls of teleportation.
 41374 | Depths:2 | HP: 11/162 [tengu reaver/+0 long sword (11)]
 41375 | Depths:2 | 41375 ||| DRINKING 4 potions of heal wounds.
 41376 | Depths:2 | 41376 ||| DRINKING 3 potions of heal wounds.
 41376 | Depths:2 | Noticed a caustic shrike
 41376 | Depths:2 | Noticed a juggernaut
 41377 | Depths:2 | 41377 ||| RETREEAATING.
 41378 | Depths:2 | 41378 ||| STILL RETREEAATING.
 41379 | Depths:2 | 41379 ||| STILL RETREEAATING.
 41381 | Depths:2 | HP: 38/162 [fire giant/+1 great sword of flaming (11)]
 41382 | Depths:2 | 41382 ||| READING 3 scrolls of teleportation.
 41383 | Depths:2 | 41383 ||| DRINKING 2 potions of heal wounds.
 41388 | Depths:2 | 41388 ||| RETREEAATING.
 41390 | Depths:2 | 41390 ||| STILL RETREEAATING.
 41394 | Depths:2 | 41394 ||| Stepping ~*~*~tactically~*~*~ (retreating).
 41395 | Depths:2 | 41395 ||| Stepping ~*~*~tactically~*~*~ (retreating).
 41396 | Depths:2 | 41396 ||| Stepping ~*~*~tactically~*~*~ (retreating).
 41397 | Depths:2 | 41397 ||| Stepping ~*~*~tactically~*~*~ (retreating).
 41398 | Depths:2 | 41398 ||| Stepping ~*~*~tactically~*~*~ (retreating).
 41399 | Depths:2 | 41399 ||| Stepping ~*~*~tactically~*~*~ (retreating).
 41400 | Depths:2 | 41400 ||| Stepping ~*~*~tactically~*~*~ (retreating).
 41401 | Depths:2 | 41401 ||| INVOKING Heroism.
 41404 | Depths:2 | 41404 ||| Stepping ~*~*~tactically~*~*~ (retreating).
 41406 | Depths:2 | 41406 ||| Stepping ~*~*~tactically~*~*~ (retreating).
 41407 | Depths:2 | 41407 ||| Stepping ~*~*~tactically~*~*~ (retreating).
 41408 | Depths:2 | 41408 ||| Stepping ~*~*~tactically~*~*~ (retreating).
 41409 | Depths:2 | 41409 ||| Stepping ~*~*~tactically~*~*~ (retreating).
 41410 | Depths:2 | 41410 ||| Stepping ~*~*~tactically~*~*~ (retreating).
 41411 | Depths:2 | 41411 ||| Stepping ~*~*~tactically~*~*~ (retreating).
 41412 | Depths:2 | 41412 ||| Stepping ~*~*~tactically~*~*~ (retreating).
 41412 | Depths:2 | HP: 35/160 [deep troll earth mage/blast of rock fragments
                  | (11)]
 41413 | Depths:2 | 41413 ||| READING 2 scrolls of teleportation.
 41414 | Depths:2 | 41414 ||| DRINKING potion of heal wounds.
 41415 | Depths:2 | 41415 ||| Stepping ~*~*~tactically~*~*~ (retreating).
 41418 | Depths:2 | Found a blossoming altar of Fedhas.
 41419 | Depths:2 | 41419 ||| Stepping ~*~*~tactically~*~*~ (retreating).
 41421 | Depths:2 | HP: 40/162 [something (3)]
 41423 | Depths:2 | 41423 ||| READING scroll of teleportation.
 41425 | Depths:2 | 41425 ||| INVOKING Heroism.
 41433 | Depths:2 | Reached skill level 12 in Armour
 41434 | Depths:2 | 41434 ||| RETREEAATING.
 41435 | Depths:2 | 41435 ||| STILL RETREEAATING.
 41436 | Depths:2 | 41436 ||| STILL RETREEAATING.
 41440 | Depths:2 | HP: 4/162 [deep troll earth mage/Lee's Rapid Deconstruction
                  | (28)]
 41445 | Depths:2 | HP: 5/162 [iron troll (2)]
 41448 | Depths:2 | Mangled by a deep troll

Levels and vault maps discovered:
D:1:      minmay_arrival_solitary_statue, layout_basic,
          hellmonk_ecumenical_altar_lost_god, minmay_misc_feat_diagonals,
          minmay_tiny_reverse_x
D:2:      layout_loops_ring
D:3:      layout_basic, mainiacjoe_overflow_paths, lightli_temple_of_fire,
          uniq_robin
D:4:      layout_loops_cross, mainiacjoe_overflow_catwalk_spiral,
          minmay_box_of_dots
D:5:      layout_basic, minmay_temple_entry_crystal_x, roderic_serpentine_path,
          grunt_tough_drop
D:6:      layout_loops_cross, amcnicky_altar_gilded, nicolae_ossuary_entry_ruins
D:7:      layout_gridville, lemuel_crystal_altar, fiery_altar_vehumet,
          enter_bailey_7, uniq_duvessa
D:8:      layout_basic, beargit_hepliaklqana_dungeon_heroes
D:9:      layout_stronghold, nicolae_wu_jian_glorious_leap, minivault_26,
          uniq_maurice
D:10:     layout_small_grid, lair_entry_dummy, serial_demonic, serial_demonic_f,
          serial_demonic_c, serial_demonic_f, serial_demonic_c
D:11:     layout_long_grid, minmay_unpleasant_kobolds, uniq_grum, uniq_erica
D:12:     layout_basic, orc_david_3, uniq_erolcha
D:13:     layout_roguey, gauntlet_entry_generic, dreamdust_princess_bridge,
          uniq_jorgrun
D:14:     layout_small_grid, david_vaults_4, chequers_serial_rivers_room_b,
          nicolae_yredelemnul_corpse_copse, uniq_frances
D:15:     gammafunk_depths_entry_grave, layout_basic, nrook_pool_corridor
Temple:   nicolae_temple_ecumenical_triangle
Lair:1:   layout_regular_city, minivault_19
Lair:2:   layout_loops_ring, elwin_shoals_entry_rocks,
          nicolae_spider_entry_orb_guardian, kennysheep_rathole,
          infiniplex_staircase_pool_2
Lair:3:   layout_cave_shapes, dreamdust_wasp_nest
Lair:4:   layout_gridlike, grunt_forest_small_clearing_treed
Lair:5:   hangedman_lair_in_review, layout_regular_city,
          hangedman_lair_caniforms_friends, dpeg_slime_entry_corner
Shoals:1: layout_shoals, nicolae_shop_overcharged_wands, uniq_donald, uniq_kirke
Shoals:2: gammafunk_sealed_arena, layout_shoals
Shoals:3: layout_shoals, nicolae_shoals_bring_sunscreen, uniq_polyphemus
Shoals:4: shoals_end_grunt_ice, layout_shoals, serial_shops, nicolae_shop_trees
Spider:1: layout_spider_delve, gammafunk_ghost_tricky_traps
Spider:2: cheibrodos_forgotten_conduit, nicolae_spider_checkerboard,
          uniq_arachne
Spider:3: layout_chambers, uniq_mlioglotl
Spider:4: grunt_spider_rune_circles, uniq_roxanne
Orc:1:    layout_diamond_mine, uniq_nergalle, uniq_harold, uniq_sonja
Orc:2:    st_orc_rangers, layout_diamond_mine, serial_shops,
          nicolae_shop_just_a_little_nook, uniq_saint_roka
Vaults:1: nicolae_vaults_mini_display_case,
          nicolae_vaults_windows_and_doors_thing, vaults_room_pool,
          nicolae_vaults_sesquioval_fish, nicolae_vaults_tetromino_Z_2,
          hangedman_vaults_nodes, nicolae_vaults_little_squares_5,
          vaults_dpeg_emergency_exit, nicolae_vaults_trapezoid_4,
          vaults_mumra_chevron, vaults_mumra_minichess_inversion,
          nicolae_vaults_taking_the_gang_shopping, st_more_cells,
          vaults_dpeg_encased_lava, layout_vaults_ring, serial_shops, shop
Vaults:2: nicolae_vaults_closet_pinwheel_6, hangedman_vaults_unwind, st_check,
          nicolae_vaults_oval_intersection, nicolae_vaults_circle_grid_a,
          vaults_room_hallway, v_misc_8, nicolae_vaults_diamond_1,
          nicolae_vaults_little_squares_1, nicolae_vaults_closet_pinwheel_1,
          layout_vaults_omnibox, uniq_frederick, uniq_sojobo
Vaults:3: minmay_crypt_entry_simple_statues, ontoclasm_vaults_misaligned,
          v_misc_1, nicolae_vaults_hexular_roomagon, v_pattern_5,
          nicolae_vaults_circle_grid_b, nicolae_vaults_sesquioval_fish,
          nicolae_vaults_yaktaur_gun_rack, nicolae_vaults_surprise_closet,
          nicolae_vaults_tetromino_L_1, nicolae_vaults_what_the_h,
          nicolae_vaults_tetromino_T_2, layout_vaults_maze, uniq_margery
Vaults:4: nicolae_vaults_hexular_roomagon, v_misc_27, vaults_room_door_ring,
          vaults_room_pools, nicolae_vaults_little_squares_3,
          vaults_dpeg_diagonal, nicolae_vaults_prndl,
          nicolae_vaults_steering_wheel, nicolae_vaults_diamond_2, v_misc_8,
          layout_vaults_chaotic_city
Depths:1: layout_cave_shapes, enter_ziggurat_d,
          nicolae_abyss_entry_one_way_or_another, chequers_serial_rivers_room_b,
          hell_entry, minmay_misc_feat_x, nicolae_dithmenos_the_darkroom,
          minmay_shop_grove
Depths:2: minmay_the_grid_triangle_9x9_rhombus_full_mashed
          [minmay_the_grid_triangle_9x9_skeleton,
          minmay_the_grid_triangle_9x9_zippers_horizontal,
          minmay_the_grid_triangle_9x9_sparse_checkered,
          minmay_the_grid_triangle_9x9_checkered,
          minmay_the_grid_triangle_9x9_shrine,
          minmay_the_grid_triangle_9x9_odd_lines,
          minmay_the_grid_triangle_9x9_dagger,
          minmay_the_grid_triangle_9x9_prize_top_heavy], layout_basic,
          hangedman_geh_valley, pan_entry, abyss_entry, zin_purify

Skill      XL: |  1  2  3  4  5  6  7  8  9 10 11 12 13 14 15 16 17 18 19 20 21 |
---------------+----------------------------------------------------------------+-----
Ranged Weapons | 5 6 7 8 9 11 13 14 15 16 17 20 22 | 22.0
Fighting       | 3 4 6 7 8 9 10 13 15 17 18 19 20 21 | 21.3
Armour         | 1 2 3 6 7 8 9 10 12 | 12.2
Dodging        | 2 3 4 5 6 8 10 12 14 16 17 | 17.5
Invocations    | 3 4 5 9 10 | 10.0
Stealth        | |  1.1

Action                     |  1- 3 |  4- 6 |  7- 9 | 10-12 | 13-15 | 16-18 | 19-21 || total
---------------------------+-------+-------+-------+-------+-------+-------+-------++-------
   Fire: Shortbow          |   104 |   207 |   417 |   153 |       |       |       ||   881
         Orcbow            |       |       |       |   823 |  1821 |  1663 |       ||  4307
         Longbow           |       |       |       |       |       |   185 |   294 ||   479
         Hand cannon       |       |       |       |       |       |       |  1025 ||  1025
 Invoke: Heroism           |       |       |     7 |    20 |    30 |    39 |    28 ||   124
         Finesse           |       |       |       |     1 |    11 |    18 |     4 ||    34
    Use: Scroll            |     6 |     3 |     9 |     7 |     7 |     8 |    11 ||    51
         Potion            |     1 |     2 |       |     1 |     2 |     8 |    12 ||    26
 Armour: Leather armour    |    11 |       |       |       |       |   308 |   529 ||   848
         Ring mail         |       |    64 |   175 |    28 |       |       |   136 ||   403
         Robe              |       |       |       |   216 |   288 |       |       ||   504
         Troll leather arm |       |       |       |       |   134 |     3 |       ||   137
  Dodge: Dodged            |    12 |    61 |   315 |   543 |  1055 |  1155 |  2210 ||  5351

Table legend:
 A = Non-vault XP
 B = Vault XP
 C = Vault XP percentage of total XP
 D = Non-vault monster count
 E = Vault monster count
 F = Vault count percentage of total count
                 A         B        C        D         E       F
            +---------+---------+-------+---------+---------+-------
      Total |  331222 |  205684 |  38.3 |     942 |     448 |  32.2
            +---------+---------+-------+---------+---------+-------
        D:1 |      38 |       4 |   9.5 |      21 |       2 |   8.7
        D:2 |      89 |       0 |   0.0 |      24 |       0 |   0.0
        D:3 |      66 |      33 |  33.3 |      15 |      11 |  42.3
        D:4 |     254 |      18 |   6.6 |      18 |       3 |  14.3
        D:5 |     444 |     207 |  31.8 |      17 |       4 |  19.0
        D:6 |     718 |       0 |   0.0 |      18 |       0 |   0.0
        D:7 |    1280 |     237 |  15.6 |      17 |       6 |  26.1
        D:8 |    1620 |     130 |   7.4 |      30 |       1 |   3.2
        D:9 |    1540 |     449 |  22.6 |      22 |       1 |   4.3
       D:10 |    2364 |     890 |  27.4 |      14 |       5 |  26.3
       D:11 |    4532 |    1398 |  23.6 |      18 |      11 |  37.9
       D:12 |    6516 |    1005 |  13.4 |      23 |       9 |  28.1
       D:13 |    4142 |    1913 |  31.6 |      12 |       1 |   7.7
       D:14 |    7237 |    8117 |  52.9 |      14 |      18 |  56.2
       D:15 |   10009 |    5438 |  35.2 |      23 |       8 |  25.8
     Lair:1 |    4835 |       0 |   0.0 |      25 |       0 |   0.0
     Lair:2 |    4050 |     844 |  17.2 |      14 |      14 |  50.0
     Lair:3 |    7830 |    1686 |  17.7 |      22 |       6 |  21.4
     Lair:4 |    3273 |       0 |   0.0 |      16 |       0 |   0.0
     Lair:5 |   15005 |   20060 |  57.2 |      52 |      77 |  59.7
   Shoals:1 |    9339 |    2839 |  23.3 |      17 |       2 |  10.5
   Shoals:2 |   18302 |    3876 |  17.5 |      40 |       5 |  11.1
   Shoals:3 |   15221 |    7102 |  31.8 |      33 |       8 |  19.5
   Shoals:4 |   20432 |   21794 |  51.6 |      45 |      38 |  45.8
   Spider:1 |   15986 |       0 |   0.0 |      48 |       0 |   0.0
   Spider:2 |   20205 |    6987 |  25.7 |      45 |       9 |  16.7
   Spider:3 |   17112 |    2597 |  13.2 |      44 |       2 |   4.3
   Spider:4 |    8190 |   19754 |  70.7 |      18 |      41 |  69.5
      Orc:1 |    1718 |    2446 |  58.7 |      26 |       3 |  10.3
      Orc:2 |    2761 |    8581 |  75.7 |      32 |      49 |  60.5
   Vaults:1 |   34568 |   26312 |  43.2 |      55 |      26 |  32.1
   Vaults:2 |   10058 |   20928 |  67.5 |      15 |      18 |  54.5
   Vaults:3 |   33748 |   23606 |  41.2 |      48 |      33 |  40.7
   Vaults:4 |   28083 |    5020 |  15.2 |      36 |       6 |  14.3
   Depths:1 |   11099 |    1156 |   9.4 |      14 |       1 |   6.7
   Depths:2 |    8558 |    6700 |  43.9 |      11 |       6 |  35.3
    Ossuary |       0 |     187 | 100.0 |       0 |      16 | 100.0
   Gauntlet |       0 |    3370 | 100.0 |       0 |       8 | 100.0
            +---------+---------+-------+---------+---------+-------
